Workbook

Sheet Planilha Orçamentária
B2: Planilha de Orçamento
B3: Obra: Casas do Incra - CASA MODELO 1
B4: Enfereço: Taquari / RS
B5: SINAPI Data Base - Agosto/2025- Sem Desoneração | N5: BDI | O5: 0.2034
B6: Área: 41,23 m²
B7: Encargos Sociais: Horista: 112,84 % Mensalista: 69,65 %
G9: CUSTO UNITÁRIO (S/BDI) | J9: CUSTO UNITÁRIO (C/BDI) | M9: PREÇO TOTAL (C/BDI)
B10: ITEM | C10: SINAPI | D10: DESCRIÇÃO DOS SERVIÇOS | E10: UNID. | F10: QUANT. | G10: MATERIAL (R$) | H10: MÃO DE OBRA (R$) | I10: TOTAL (R$) | J10: MATERIAL (R$) | K10: MÃO DE OBRA (R$) | L10: TOTAL (R$) | M10: MATERIAL (R$) | N10: MÃO DE OBRA (R$) | O10: TOTAL (R$)
B11: 1 | D11: INSTALAÇÕES PROVISÓRIAS
B12: 1.1 | C12: 99059 | D12: LOCACAO CONVENCIONAL DE OBRA, UTILIZANDO GABARITO DE TÁBUAS CORRIDAS PONTALETADAS A CADA 2,00M - 2 UTILIZAÇÕES. AF_10/2018 | E12: M | F12: 103.89 | G12: =I12-H12 -> 18.86 | H12: 17.84 | I12: 36.7 | J12: =G12*(1+$O$5) -> 22.696124 | K12: =H12*(1+$O$5) -> 21.468656 | L12: =J12+K12 -> 44.16478 | M12: =F12*J12 -> 2357.9003 | N12: =F12*K12 -> 2230.3787 | O12: =M12+N12 -> 4588.279
B13: TOTAL DE INSTALAÇÕES PROVISÓRIAS | M13: =SUM(M12:M12) -> 2357.9003 | N13: =SUM(N12:N12) -> 2230.3787 | O13: =SUM(O12:O12) -> 4588.279
B14: 2 | D14: FUNDAÇÕES
B15: 2.1 | C15: COMPOSIÇÃO 01 | D15: =Composição!C11 -> ESTACA ESCAVADA MECANICAMENTE, SEM FLUIDO ESTABILIZANTE, COM 30CM DE DIÂMETRO, CONCRETO LANÇADO POR CAMINHÃO BETONEIRA (EXCLUSIVE MOBILIZAÇÃO E DESMOBILIZAÇÃO) | E15: M | F15: 48 | G15: =Composição!E9 -> 66.01 | H15: =Composição!E10 -> 6.19 | I15: =Composição!G9 -> 72.2 | J15: =G15*(1+$O$5) -> 79.436434 | K15: =H15*(1+$O$5) -> 7.449046 | L15: =J15+K15 -> 86.88548 | M15: =TRUNC(J15*F15,2) -> 3812.94 | N15: =TRUNC(K15*F15,2) -> 357.55 | O15: =M15+N15 -> 4170.49
B16: 2.2 | C16: 96543 | D16: ARMAÇÃO DE BLOCO, VIGA BALDRAME E SAPATA UTILIZANDO AÇO CA-60 DE 5 MM - MONTAGEM. AF_06/2017 | E16: KG | F16: 73.32 | G16: =I16-H16 -> 12.47 | H16: 8.72 | I16: 21.19 | J16: =G16*(1+$O$5) -> 15.006398 | K16: =H16*(1+$O$5) -> 10.493648 | L16: =J16+K16 -> 25.500046 | M16: =TRUNC(J16*F16,2) -> 1100.26 | N16: =TRUNC(K16*F16,2) -> 769.39 | O16: =M16+N16 -> 1869.65
B17: 2.3 | C17: 96546 | D17: ARMAÇÃO DE BLOCO, VIGA BALDRAME OU SAPATA UTILIZANDO AÇO CA-50 DE 10 MM - MONTAGEM. AF_06/2017 | E17: KG | F17: 148.2 | G17: =I17-H17 -> 11.46 | H17: 3.47 | I17: 14.93 | J17: =G17*(1+$O$5) -> 13.790964 | K17: =H17*(1+$O$5) -> 4.175798 | L17: =J17+K17 -> 17.966762 | M17: =TRUNC(J17*F17,2) -> 2043.82 | N17: =TRUNC(K17*F17,2) -> 618.85 | O17: =M17+N17 -> 2662.67
B18: 2.4 | C18: PESQUISA | D18: FABRICAÇÃO, MONTAGEM E DESMONTAGEM DE FÔRMA PARA VIGA BALDRAME E BLOCOS DE COROAMENTO, EM MADEIRA SERRADA, E=25 MM, 4 UTILIZAÇÕES. AF_06/2017 | E18: M2 | F18: 48.08 | G18: =I18-H18 -> 24.21 | H18: 29.69 | I18: 53.9 | J18: =G18*(1+$O$5) -> 29.134314 | K18: =H18*(1+$O$5) -> 35.728946 | L18: =J18+K18 -> 64.86326 | M18: =F18*J18 -> 1400.7778 | N18: =F18*K18 -> 1717.8477 | O18: =M18+N18 -> 3118.6255
B19: 2.5 | C19: COMPOSIÇÃO 04 | D19: MURO BLOCO GRES - ARGAM. ci-ar 1:6 | E19: M2 | F19: 5.55 | G19: =I19-H19 -> 83.8 | H19: 52.5 | I19: 136.3 | J19: =G19*(1+$O$5) -> 100.84492 | K19: =H19*(1+$O$5) -> 63.1785 | L19: =J19+K19 -> 164.02342 | M19: =F19*J19 -> 559.68931 | N19: =F19*K19 -> 350.64067 | O19: =M19+N19 -> 910.32998
B20: 2.6 | C20: PESQUISA | D20: =Composição!C22 -> CONCRETAGEM DE BLOCOS DE VIGAS BALDRAMES, FCK 25 MPA, COM USO DE BOMBA LANÇAMENTO, ADENSAMENTO E ACABAMENTO. AF_06/2017 | E20: M3 | F20: 3.61 | G20: =Composição!E20 -> 682.27 | H20: 23.89 | I20: =Composição!G20 -> 706.16 | J20: =G20*(1+$O$5) -> 821.04372 | K20: =H20*(1+$O$5) -> 28.749226 | L20: =J20+K20 -> 849.79294 | M20: =TRUNC(J20*F20,2) -> 2963.96 | N20: =TRUNC(K20*F20,2) -> 103.78 | O20: =M20+N20 -> 3067.74
B21: 2.7 | C21: 96624 | D21: LASTRO COM MATERIAL GRANULAR (PEDRA BRITADA N.2), APLICADO EM PISOS OU LAJES SOBRE SOLO, ESPESSURA DE *10 CM*. AF_08/2017 | E21: M3 | F21: 9.01 | G21: =I21-H21 -> 126.79 | H21: 46.45 | I21: 173.24 | J21: =G21*(1+$O$5) -> 152.57909 | K21: =H21*(1+$O$5) -> 55.89793 | L21: =J21+K21 -> 208.47702 | M21: =TRUNC(J21*F21,2) -> 1374.73 | N21: =TRUNC(K21*F21,2) -> 503.64 | O21: =M21+N21 -> 1878.37
B22: TOTAL DE FUNDAÇÕES | M22: =SUM(M15:M21) -> 13256.177 | N22: =SUM(N15:N21) -> 4421.6984 | O22: =SUM(O15:O21) -> 17677.876
B23: 3 | D23: IMPERMEABILIZAÇÃO
B24: 3.1 | C24: 98562 | D24: IMPERMEABILIZAÇÃO DE SUPERFÍCIE COM ARGAMASSA DE CIMENTO E AREIA, COM ADITIVO IMPERMEABILIZANTE, E = 1,5CM. AF_09/2023 | E24: M2 | F24: 57.1 | G24: =I24-H24 -> 23.72 | H24: 29.48 | I24: 53.2 | J24: =G24*(1+$O$5) -> 28.544648 | K24: =H24*(1+$O$5) -> 35.476232 | L24: =J24+K24 -> 64.02088 | M24: =TRUNC(J24*F24,2) -> 1629.89 | N24: =TRUNC(K24*F24,2) -> 2025.69 | O24: =M24+N24 -> 3655.58
B25: 3.2 | C25: PESQUISA | D25: CONTRAPISO EM ARGAMASSA TRAÇO 1:4 (CIMENTO E AREIA), PREPARO MANUAL, APLICADO EM ÁREAS MOLHADAS SOBRE IMPERMEABILIZAÇÃO, ACABAMENTO NÃO REFORÇADO, ESPESSURA 3CM. AF_07/2021 | E25: M2 | F25: 58.72 | G25: =I25-H25 -> 14 | H25: 23 | I25: 37 | J25: =G25*(1+$O$5) -> 16.8476 | K25: =H25*(1+$O$5) -> 27.6782 | L25: =J25+K25 -> 44.5258 | M25: =F25*J25 -> 989.29107 | N25: =TRUNC(K25*F25,2) -> 1625.26 | O25: =M25+N25 -> 2614.5511
B26: TOTAL DE IMPERMEABILIZAÇÃO | M26: =SUM(M24:M25) -> 2619.1811 | N26: =SUM(N24:N25) -> 3650.95 | O26: =SUM(O24:O25) -> 6270.1311
B27: 4 | D27: SUPRA ESTRUTURA
B28: 4.1 | C28: 92759 | D28: ARMAÇÃO DE PILAR OU VIGA DE UMA ESTRUTURA CONVENCIONAL DE CONCRETO ARMADO EM UM EDIFÍCIO DE MÚLTIPLOS PAVIMENTOS UTILIZANDO AÇO CA-60 DE 5,0 MM - MONTAGEM. AF_12/2015 | E28: KG | F28: 60.16 | G28: =I28-H28 -> 10.91 | H28: 4.01 | I28: 14.92 | J28: =G28*(1+$O$5) -> 13.129094 | K28: =H28*(1+$O$5) -> 4.825634 | L28: =J28+K28 -> 17.954728 | M28: =TRUNC(J28*F28,2) -> 789.84 | N28: =TRUNC(K28*F28,2) -> 290.31 | O28: =M28+N28 -> 1080.15
B29: 4.2 | C29: 92761 | D29: ARMAÇÃO DE PILAR OU VIGA DE UMA ESTRUTURA CONVENCIONAL DE CONCRETO ARMADO EM UM EDIFÍCIO DE MÚLTIPLOS PAVIMENTOS UTILIZANDO AÇO CA-50 DE 8,0 MM - MONTAGEM. AF_12/2015 | E29: KG | F29: 95.8 | G29: =I29-H29 -> 11.46 | H29: 1.71 | I29: 13.17 | J29: =G29*(1+$O$5) -> 13.790964 | K29: =H29*(1+$O$5) -> 2.057814 | L29: =J29+K29 -> 15.848778 | M29: =TRUNC(J29*F29,2) -> 1321.17 | N29: =TRUNC(K29*F29,2) -> 197.13 | O29: =M29+N29 -> 1518.3
B30: 4.3 | C30: 103674 | D30: CONCRETAGEM DE VIGAS E LAJES, FCK=25 MPA, PARA LAJES PREMOLDADAS COM USO DE BOMBA - LANÇAMENTO, ADENSAMENTO E ACABAMENTO. AF_02/2022 | E30: M3 | F30: 2.7 | G30: =I30-H30 -> 672.37 | H30: 49.44 | I30: 721.81 | J30: =G30*(1+$O$5) -> 809.13006 | K30: =H30*(1+$O$5) -> 59.496096 | L30: =J30+K30 -> 868.62615 | M30: =TRUNC(J30*F30,2) -> 2184.65 | N30: =TRUNC(K30*F30,2) -> 160.63 | O30: =M30+N30 -> 2345.28
D31: LAJE PRÉ MOLDADA | E31: M2 | F31: 6.93
B32: 4.4 | C32: 92447 | D32: MONTAGEM E DESMONTAGEM DE FÔRMA DE VIGA, ESCORAMENTO COM PONTALETE DE MADEIRA, PÉ-DIREITO SIMPLES, EM MADEIRA SERRADA, 2 UTILIZAÇÕES. AF_09/2020 | E32: M2 | F32: 36.06 | G32: =I32-H32 -> 127.86 | H32: 77.77 | I32: 205.63 | J32: =G32*(1+$O$5) -> 153.86672 | K32: =H32*(1+$O$5) -> 93.588418 | L32: =J32+K32 -> 247.45514 | M32: =TRUNC(J32*F32,2) -> 5548.43 | N32: =TRUNC(K32*F32,2) -> 3374.79 | O32: =M32+N32 -> 8923.22
B33: TOTAL DE SUPRA ESTRUTURA | M33: =SUM(M28:M32) -> 9844.09 | N33: =SUM(N28:N32) -> 4022.86 | O33: =SUM(O28:O32) -> 13866.95
B34: 5 | D34: PAREDES E VEDAÇÕES
B35: 5.1 | C35: PESQUISA | D35: ALVENARIA DE BLOCO DE CONCRETO 14x19x29 | E35: M2 | F35: 195.15 | G35: =I35-H35 -> 23.6 | H35: 37.2 | I35: 60.8 | J35: =G35*(1+$O$5) -> 28.40024 | K35: =H35*(1+$O$5) -> 44.76648 | L35: =J35+K35 -> 73.16672 | M35: =F35*J35 -> 5542.3068 | N35: =F35*K35 -> 8736.1786 | O35: =M35+N35 -> 14278.485
B36: 5.2 | C36: 105024 | D36: VERGA MOLDADA IN LOCO EM CONCRETO, ESPESSURA DE *10* CM. AF_03/2024 | E36: M | F36: 19.2 | G36: =I36-H36 -> 37.14 | H36: 17.18 | I36: 54.32 | J36: =G36*(1+$O$5) -> 44.694276 | K36: =H36*(1+$O$5) -> 20.674412 | L36: =J36+K36 -> 65.368688 | M36: =TRUNC(J36*F36,2) -> 858.13 | N36: =TRUNC(K36*F36,2) -> 396.94 | O36: =M36+N36 -> 1255.07
B37: 5.3 | C37: 105030 | D37: CONTRAVERGA MOLDADA IN LOCO EM CONCRETO, ESPESSURA DE *10* CM. AF_03/2024 | E37: M | F37: 11.6 | G37: =I37-H37 -> 31.48 | H37: 11.07 | I37: 42.55 | J37: =G37*(1+$O$5) -> 37.883032 | K37: =H37*(1+$O$5) -> 13.321638 | L37: =J37+K37 -> 51.20467 | M37: =TRUNC(J37*F37,2) -> 439.44 | N37: =TRUNC(K37*F37,2) -> 154.53 | O37: =M37+N37 -> 593.97
B38: TOTAL DE PAREDES E VEDAÇÕES | M38: =SUM(M35:M37) -> 6839.8768 | N38: =SUM(N35:N37) -> 9287.6486 | O38: =SUM(O35:O37) -> 16127.525
B39: 6 | D39: COBERTURA
B40: 6.1 | C40: PESQUISA | D40: FABRICAÇÃO E INSTALAÇÃO DE TESOURA INTEIRA EM MADEIRA NÃO APARELHADA, VÃO DE 8 M, PARA TELHA ONDULADA DE FIBROCIMENTO, METÁLICA, PLÁSTICA OU TERMOACÚSTICA, INCLUSO IÇAMENTO. AF_07/2019 | E40: UN | F40: 6 | G40: =I40-H40 -> 195 | H40: 248 | I40: 443 | J40: =G40*(1+$O$5) -> 234.663 | K40: =H40*(1+$O$5) -> 298.4432 | L40: =J40+K40 -> 533.1062 | M40: =F40*J40 -> 1407.978 | N40: =F40*K40 -> 1790.6592 | O40: =M40+N40 -> 3198.6372
B41: 6.2 | C41: PESQUISA | D41: TRAMA DE MADEIRA COMPOSTA POR TERÇAS PARA TELHADOS DE ATÉ 2 ÁGUAS PARA TELHA ONDULADA DE FIBROCIMENTO, METÁLICA, PLÁSTICA OU TERMOACÚSTICA, INCLUSO TRANSPORTE VERTICAL. AF_07/2019 | E41: M2 | F41: 89.97 | G41: =I41-H41 -> 1.55 | H41: 2.5 | I41: 4.05 | J41: =G41*(1+$O$5) -> 1.86527 | K41: =H41*(1+$O$5) -> 3.0085 | L41: =J41+K41 -> 4.87377 | M41: =F41*J41 -> 167.81834 | N41: =TRUNC(K41*F41,2) -> 270.67 | O41: =M41+N41 -> 438.48834
B42: 6.3 | C42: PESQUISA | D42: TELHAMENTO COM TELHA ONDULADA DE FIBROCIMENTO E = 6 MM, COM RECOBRIMENTO LATERAL DE 1/4 DE ONDA PARA TELHADO COM INCLINAÇÃO MAIOR QUE 10°, COM ATÉ 2 ÁGUAS, INCLUSO IÇAMENTO. AF_07/2019 | E42: M2 | F42: 89.97 | G42: =I42-H42 -> 30.6 | H42: 5 | I42: 35.6 | J42: =G42*(1+$O$5) -> 36.82404 | K42: =H42*(1+$O$5) -> 6.017 | L42: =J42+K42 -> 42.84104 | M42: =F42*J42 -> 3313.0589 | N42: =TRUNC(K42*F42,2) -> 541.34 | O42: =M42+N42 -> 3854.3989
B43: 6.4 | C43: PESQUISA | D43: CUMEEIRA PARA TELHA DE FIBROCIMENTO ONDULADA E = 6 MM, INCLUSO ACESSÓRIOS DE FIXAÇÃO E IÇAMENTO. AF_07/2019 | E43: M | F43: 8.3 | G43: =I43-H43 -> 46.3 | H43: 2.67 | I43: 48.97 | J43: =G43*(1+$O$5) -> 55.71742 | K43: =H43*(1+$O$5) -> 3.213078 | L43: =J43+K43 -> 58.930498 | M43: =F43*J43 -> 462.45459 | N43: =TRUNC(K43*F43,2) -> 26.66 | O43: =M43+N43 -> 489.11459
B44: 6.5 | C44: 96111 | D44: FORRO EM RÉGUAS DE PVC, FRISADO, PARA AMBIENTES RESIDENCIAIS, INCLUSIVE ESTRUTURA UNIDIRECIONAL DE FIXAÇÃO. AF_08/2023_PS | E44: M2 | F44: 51.07 | G44: =I44-H44 -> 59.79 | H44: 19.46 | I44: 79.25 | J44: =G44*(1+$O$5) -> 71.951286 | K44: =H44*(1+$O$5) -> 23.418164 | L44: =J44+K44 -> 95.36945 | M44: =TRUNC(J44*F44,2) -> 3674.55 | N44: =TRUNC(K44*F44,2) -> 1195.96 | O44: =M44+N44 -> 4870.51
B45: 6.6 | C45: 94231 | D45: RUFO (ALGEROZ E CAPEAMENTO) EM CHAPA DE AÇO GALVANIZADO NÚMERO 24, CORTE DE 25 CM, INCLUSO TRANSPORTE VERTICAL. AF_07/2019 | E45: M | F45: 5.4 | G45: =I45-H45 -> 52.3 | H45: 6.92 | I45: 59.22 | J45: =G45*(1+$O$5) -> 62.93782 | K45: =H45*(1+$O$5) -> 8.327528 | L45: =J45+K45 -> 71.265348 | M45: =TRUNC(J45*F45,2) -> 339.86 | N45: =TRUNC(K45*F45,2) -> 44.96 | O45: =M45+N45 -> 384.82
B46: TOTAL DE COBERTURA | M46: =SUM(M40:M45) -> 9365.7198 | N46: =SUM(N40:N45) -> 3870.2492 | O46: =SUM(O40:O45) -> 13235.969
B47: 7 | D47: INSTALAÇÕES ELÉTRICA/TELEFONIA/LÓGICA
B48: 7.1 | C48: 101502 | D48: ENTRADA DE ENERGIA ELÉTRICA, AÉREA, BIFÁSICA, COM CAIXA DE EMBUTIR, CABO DE 16 MM2 E DISJUNTOR DIN 50A (NÃO INCLUSO O POSTE DE CONCRETO). AF_07/2020_PS | E48: UN | F48: 1 | G48: =I48-H48 -> 1550.66 | H48: 460.83 | I48: 2011.49 | J48: =G48*(1+$O$5) -> 1866.0642 | K48: =H48*(1+$O$5) -> 554.56282 | L48: =J48+K48 -> 2420.6271 | M48: =TRUNC(J48*F48,2) -> 1866.06 | N48: =TRUNC(K48*F48,2) -> 554.56 | O48: =M48+N48 -> 2420.62
B49: 7.2 | C49: 5044 | D49: POSTE DE CONCRETO CIRCULAR, 200 KG, H = 9 M (NBR 8451) | E49: UN | F49: 1 | G49: =I49-H49 -> 1108.21 | H49: 46.42 | I49: 1154.63 | J49: =G49*(1+$O$5) -> 1333.6199 | K49: =H49*(1+$O$5) -> 55.861828 | L49: =J49+K49 -> 1389.4817 | M49: =TRUNC(J49*F49,2) -> 1333.61 | N49: =TRUNC(K49*F49,2) -> 55.86 | O49: =M49+N49 -> 1389.47
B50: 7.3 | C50: PESQUISA | D50: CABO DE COBRE FLEXÍVEL ISOLADO, 2,5 MM², ANTI-CHAMA 450/750 V, PARA CIRCUITOS TERMINAIS - FORNECIMENTO E INSTALAÇÃO. AF_12/2015 | E50: M | F50: 559.2 | G50: =I50-H50 -> 1.98 | H50: 1.31 | I50: 3.29 | J50: =G50*(1+$O$5) -> 2.382732 | K50: =H50*(1+$O$5) -> 1.576454 | L50: =J50+K50 -> 3.959186 | M50: =F50*J50 -> 1332.4237 | N50: =TRUNC(K50*F50,2) -> 881.55 | O50: =M50+N50 -> 2213.9737
B51: 7.5 | C51: PESQUISA | D51: CABO 10mm | E51: M | F51: 300 | G51: =I51-H51 -> 4.7 | H51: 2.5 | I51: 7.2 | J51: =G51*(1+$O$5) -> 5.65598 | K51: =H51*(1+$O$5) -> 3.0085 | L51: =J51+K51 -> 8.66448 | M51: =F51*J51 -> 1696.794 | N51: =TRUNC(K51*F51,2) -> 902.55 | O51: =M51+N51 -> 2599.344
B52: 7.7 | C52: PESQUISA | D52: ELETRODUTO FLEXÍVEL CORRUGADO, PVC, DN 32 MM (1"), PARA CIRCUITOS TERMINAIS, INSTALADO EM LAJE - FORNECIMENTO E INSTALAÇÃO. AF_12/2015 | E52: M | F52: 3.2 | G52: =I52-H52 -> 3.75 | H52: 6.75 | I52: 10.5 | J52: =G52*(1+$O$5) -> 4.51275 | K52: =H52*(1+$O$5) -> 8.12295 | L52: =J52+K52 -> 12.6357 | M52: =F52*J52 -> 14.4408 | N52: =TRUNC(K52*F52,2) -> 25.99 | O52: =M52+N52 -> 40.4308
D53: ELETRODUTO FORRO | E53: M | F53: 59.8
D54: ELETRODUTO PAREDE | E54: M | F54: 6.2
B55: 7.8 | C55: 90447 | D55: RASGO EM ALVENARIA PARA ELETRODUTOS COM DIAMETROS MENORES OU IGUAIS A 40 MM. AF_05/2015 | E55: M | F55: 44.9 | G55: =I55-H55 -> 1.92 | H55: 7.18 | I55: 9.1 | J55: =G55*(1+$O$5) -> 2.310528 | K55: =H55*(1+$O$5) -> 8.640412 | L55: =J55+K55 -> 10.95094 | M55: =TRUNC(J55*F55,2) -> 103.74 | N55: =TRUNC(K55*F55,2) -> 387.95 | O55: =M55+N55 -> 491.69
B56: 7.9 | C56: PESQUISA | D56: INTERRUPTOR SIMPLES (1 MÓDULO), 10A/250V, INCLUINDO SUPORTE E PLACA - FORNECIMENTO E INSTALAÇÃO. AF_12/2015 | E56: UN | F56: 6 | G56: =I56-H56 -> 4.63 | H56: 15.87 | I56: 20.5 | J56: =G56*(1+$O$5) -> 5.571742 | K56: =H56*(1+$O$5) -> 19.097958 | L56: =J56+K56 -> 24.6697 | M56: =F56*J56 -> 33.430452 | N56: =TRUNC(K56*F56,2) -> 114.58 | O56: =M56+N56 -> 148.01045
B57: 7.11 | C57: PESQUISA | D57: INTERRUPTOR SIMPLES (3 MÓDULOS), 10A/250V, INCLUINDO SUPORTE E PLACA - FORNECIMENTO E INSTALAÇÃO. AF_12/2015 | E57: UN | F57: 1 | G57: =I57-H57 -> 23.7 | H57: 30.8 | I57: 54.5 | J57: =G57*(1+$O$5) -> 28.52058 | K57: =H57*(1+$O$5) -> 37.06472 | L57: =J57+K57 -> 65.5853 | M57: =F57*J57 -> 28.52058 | N57: =TRUNC(K57*F57,2) -> 37.06 | O57: =M57+N57 -> 65.58058
B58: 7.12 | C58: PESQUISA | D58: INTERRUPTOR SIMPLES (1 MÓDULO) COM 1 TOMADA DE EMBUTIR 2P+T 10 A, INCLUINDO SUPORTE E PLACA - FORNECIMENTO E INSTALAÇÃO. AF_12/2015 | E58: UN | F58: 2 | G58: =I58-H58 -> 7.44 | H58: 27.06 | I58: 34.5 | J58: =G58*(1+$O$5) -> 8.953296 | K58: =H58*(1+$O$5) -> 32.564004 | L58: =J58+K58 -> 41.5173 | M58: =F58*J58 -> 17.906592 | N58: =TRUNC(K58*F58,2) -> 65.12 | O58: =M58+N58 -> 83.026592
B59: 7.13 | C59: PESQUISA | D59: TOMADA BAIXA DE EMBUTIR (1 MÓDULO), 2P+T 10 A, INCLUINDO SUPORTE E PLACA - FORNECIMENTO E INSTALAÇÃO. AF_12/2015 | E59: UN | F59: 3 | G59: =I59-H59 -> 4.01 | H59: 16.29 | I59: 20.3 | J59: =G59*(1+$O$5) -> 4.825634 | K59: =H59*(1+$O$5) -> 19.603386 | L59: =J59+K59 -> 24.42902 | M59: =F59*J59 -> 14.476902 | N59: =TRUNC(K59*F59,2) -> 58.81 | O59: =M59+N59 -> 73.286902
B60: 7.14 | C60: PESQUISA | D60: TOMADA MÉDIA DE EMBUTIR (1 MÓDULO), 2P+T 10 A, INCLUINDO SUPORTE E PLACA - FORNECIMENTO E INSTALAÇÃO. AF_12/2015 | E60: UN | F60: 12 | G60: =I60-H60 -> 4.07 | H60: 19.63 | I60: 23.7 | J60: =G60*(1+$O$5) -> 4.897838 | K60: =H60*(1+$O$5) -> 23.622742 | L60: =J60+K60 -> 28.52058 | M60: =F60*J60 -> 58.774056 | N60: =TRUNC(K60*F60,2) -> 283.47 | O60: =M60+N60 -> 342.24406
B61: 7.16 | C61: PESQUISA | D61: TOMADA BAIXA DE EMBUTIR (2 MÓDULOS), 2P+T 10 A, INCLUINDO SUPORTE E PLACA - FORNECIMENTO E INSTALAÇÃO. AF_03/2023 | E61: UN | F61: 2 | G61: =I61-H61 -> 4.85 | H61: 24.15 | I61: 29 | J61: =G61*(1+$O$5) -> 5.83649 | K61: =H61*(1+$O$5) -> 29.06211 | L61: =J61+K61 -> 34.8986 | M61: =F61*J61 -> 11.67298 | N61: =TRUNC(K61*F61,2) -> 58.12 | O61: =M61+N61 -> 69.79298
B62: 7.17 | C62: PESQUISA | D62: DISJUNTOR MONOPOLAR TIPO DIN, CORRENTE NOMINAL DE 16A - FORNECIMENTO E INSTALAÇÃO. AF_10/2020 | E62: UN | F62: 4 | G62: =I62-H62 -> 7.39 | H62: 1.59 | I62: 8.98 | J62: =G62*(1+$O$5) -> 8.893126 | K62: =H62*(1+$O$5) -> 1.913406 | L62: =J62+K62 -> 10.806532 | M62: =F62*J62 -> 35.572504 | N62: =TRUNC(K62*F62,2) -> 7.65 | O62: =M62+N62 -> 43.222504
B63: 7.18 | C63: PESQUISA | D63: DISJUNTOR MONOPOLAR TIPO DIN, CORRENTE NOMINAL DE 20A - FORNECIMENTO E INSTALAÇÃO. AF_10/2020 | E63: UN | F63: 1 | G63: =I63-H63 -> 10.33 | H63: 2.11 | I63: 12.44 | J63: =G63*(1+$O$5) -> 12.431122 | K63: =H63*(1+$O$5) -> 2.539174 | L63: =J63+K63 -> 14.970296 | M63: =F63*J63 -> 12.431122 | N63: =TRUNC(K63*F63,2) -> 2.53 | O63: =M63+N63 -> 14.961122
B64: 7.19 | C64: PESQUISA | D64: DISJUNTOR MONOPOLAR TIPO DIN, CORRENTE NOMINAL DE 32A - FORNECIMENTO E INSTALAÇÃO. AF_10/2020 | E64: UN | F64: 1 | G64: =I64-H64 -> 7.38 | H64: 3.97 | I64: 11.35 | J64: =G64*(1+$O$5) -> 8.881092 | K64: =H64*(1+$O$5) -> 4.777498 | L64: =J64+K64 -> 13.65859 | M64: =F64*J64 -> 8.881092 | N64: =TRUNC(K64*F64,2) -> 4.77 | O64: =M64+N64 -> 13.651092
B65: 7.22 | C65: PESQUISA | D65: QUADRO DE DISTRIBUIÇÃO DE ENERGIA EM CHAPA DE AÇO GALVANIZADO, DE EMBUTIR, COM BARRAMENTO TRIFÁSICO, PARA 12 DISJUNTORES DIN 100A - FORNECIMENTO E INSTALAÇÃO. AF_07/2025 | E65: UN | F65: 1 | G65: =I65-H65 -> 282.4 | H65: 68.3 | I65: 350.7 | J65: =G65*(1+$O$5) -> 339.84016 | K65: =H65*(1+$O$5) -> 82.19222 | L65: =J65+K65 -> 422.03238 | M65: =F65*J65 -> 339.84016 | N65: =TRUNC(K65*F65,2) -> 82.19 | O65: =M65+N65 -> 422.03016
A66: cat | B66: 7.23 | C66: PESQUISA | D66: PAINEL LED QUADRADO DE SOBREPOR, 12 W, 17CM X 17CM | E66: UN | F66: 11 | G66: =I66-H66 -> 16.53 | H66: 22.67 | I66: 39.2 | J66: =G66*(1+$O$5) -> 19.892202 | K66: =H66*(1+$O$5) -> 27.281078 | L66: =J66+K66 -> 47.17328 | M66: =F66*J66 -> 218.81422 | N66: =TRUNC(K66*F66,2) -> 300.09 | O66: =M66+N66 -> 518.90422
B67: 7.24 | C67: PESQUISA | D67: LUMINÁRIA TIPO PLAFON CIRCULAR, DE SOBREPOR, COM LED DE 12/13 W - FORNECIMENTO E INSTALAÇÃO. AF_09/2024 | E67: UN | F67: 5 | G67: =I67-H67 -> 16.57 | H67: 14.83 | I67: 31.4 | J67: =G67*(1+$O$5) -> 19.940338 | K67: =H67*(1+$O$5) -> 17.846422 | L67: =J67+K67 -> 37.78676 | M67: =F67*J67 -> 99.70169 | N67: =TRUNC(K67*F67,2) -> 89.23 | O67: =M67+N67 -> 188.93169
B68: TOTAL DE INSTALAÇÕES ELÉTRICAS | M68: =SUM(M48:M67) -> 7227.0909 | N68: =SUM(N48:N67) -> 3912.08 | O68: =SUM(O48:O67) -> 11139.171
B69: 8 | D69: INSTALAÇÕES SANITÁRIAS
B70: 8.1 | C70: 96525 | D70: ESCAVAÇÃO MECANIZADA PARA VIGA BALDRAME, COM PREVISÃO DE FÔRMA, COM MINI-ESCAVADEIRA. AF_06/2017 | E70: M3 | F70: 2.7 | G70: =I70-H70 -> 38.75 | H70: 20.82 | I70: 59.57 | J70: =G70*(1+$O$5) -> 46.63175 | K70: =H70*(1+$O$5) -> 25.054788 | L70: =J70+K70 -> 71.686538 | M70: =TRUNC(J70*F70,2) -> 125.9 | N70: =TRUNC(K70*F70,2) -> 67.64 | O70: =M70+N70 -> 193.54
B71: 8.2 | C71: 93369 | D71: REATERRO MECANIZADO DE VALA COM ESCAVADEIRA HIDRÁULICA (CAPACIDADE DA CAÇAMBA: 0,8 M³ / POTÊNCIA: 111 HP), LARGURA DE 1,5 A 2,5 M, PROFUNDIDADE DE 1,5 A 3,0 M, COM SOLO (SEM SUBSTITUIÇÃO) DE 1ª CATEGORIA EM LOCAIS COM BAIXO NÍVEL DE INTERFERÊNCIA. AF_04/2016 | E71: M3 | F71: 2 | G71: =I71-H71 -> 12.37 | H71: 7.84 | I71: 20.21 | J71: =G71*(1+$O$5) -> 14.886058 | K71: =H71*(1+$O$5) -> 9.434656 | L71: =J71+K71 -> 24.320714 | M71: =TRUNC(J71*F71,2) -> 29.77 | N71: =TRUNC(K71*F71,2) -> 18.86 | O71: =M71+N71 -> 48.63
B72: 8.3 | C72: 97901 | D72: CAIXA ENTERRADA HIDRÁULICA RETANGULAR EM ALVENARIA COM TIJOLOS CERÂMICOS MACIÇOS, DIMENSÕES INTERNAS: 0,4X0,4X0,4 M PARA REDE DE ESGOTO. AF_12/2020 | E72: UN | F72: 5 | G72: =I72-H72 -> 169.68 | H72: 142.97 | I72: 312.65 | J72: =G72*(1+$O$5) -> 204.19291 | K72: =H72*(1+$O$5) -> 172.0501 | L72: =J72+K72 -> 376.24301 | M72: =TRUNC(J72*F72,2) -> 1020.96 | N72: =TRUNC(K72*F72,2) -> 860.25 | O72: =M72+N72 -> 1881.21
B73: 8.4 | C73: PESQUISA | D73: CAIXA SIFONADA, PVC, DN 100 X 100 X 50 MM, JUNTA ELÁSTICA, FORNECIDA E INST ALADA EM RAMAL DE DESCARGA OU EM RAMAL DE ESGOTO SANITÁRIO. AF_12/2014 | E73: UN | F73: 6 | G73: =I73-H73 -> 13.22 | H73: 17.18 | I73: 30.4 | J73: =G73*(1+$O$5) -> 15.908948 | K73: =H73*(1+$O$5) -> 20.674412 | L73: =J73+K73 -> 36.58336 | M73: =F73*J73 -> 95.453688 | N73: =TRUNC(K73*F73,2) -> 124.04 | O73: =M73+N73 -> 219.49369
B74: 8.6 | C74: PESQUISA | D74: FILTRO ANAERÓBIO RETANGULAR, EM ALVENARIA COM BLOCOS DE CONCRETO, DIMENSÕES INTERNAS: 0,8 X 1,2 X H=1,67 M, VOLUME ÚTIL: 1152 L (PARA 5 CONTRIBUINTES). AF_12/2020 | E74: UN | F74: 1 | G74: =I74-H74 -> 313 | H74: 685 | I74: 998 | J74: =G74*(1+$O$5) -> 376.6642 | K74: =H74*(1+$O$5) -> 824.329 | L74: =J74+K74 -> 1200.9932 | M74: =F74*J74 -> 376.6642 | N74: =F74*K74 -> 824.329 | O74: =M74+N74 -> 1200.9932
B75: 8.7 | C75: PESQUISA | D75: SUMIDOURO RETANGULAR, EM ALVENARIA COM BLOCOS DE CONCRETO, DIMENSÕES INTERNAS: 0,8 X 1,4 X H=3,0 M, ÁREA DE INFILTRAÇÃO: 13,2 M² (PARA 5 CONTRIBUINTES). AF_12/2020 | E75: UN | F75: 1 | G75: =I75-H75 -> 1288 | H75: 582 | I75: 1870 | J75: =G75*(1+$O$5) -> 1549.9792 | K75: =H75*(1+$O$5) -> 700.3788 | L75: =J75+K75 -> 2250.358 | M75: =F75*J75 -> 1549.9792 | N75: =F75*K75 -> 700.3788 | O75: =M75+N75 -> 2250.358
B76: 8.8 | C76: PESQUISA | D76: TANQUE SÉPTICO RETANGULAR, EM ALVENARIA COM BLOCOS DE CONCRETO, DIMENSÕES INTERNAS: 1,0 X 2,0 X H=1,4 M, VOLUME ÚTIL: 2000 L (PARA 5 CONTRIBUINTES). AF_12/2020 | E76: UN | F76: 1 | G76: =I76-H76 -> 250 | H76: 416 | I76: 666 | J76: =G76*(1+$O$5) -> 300.85 | K76: =H76*(1+$O$5) -> 500.6144 | L76: =J76+K76 -> 801.4644 | M76: =F76*J76 -> 300.85 | N76: 500 | O76: =M76+N76 -> 800.85
B77: 8.9 | C77: 90443 | D77: RASGO EM ALVENARIA PARA RAMAIS/ DISTRIBUIÇÃO COM DIAMETROS MENORES OU IGUAIS A 40 MM. AF_05/2015 | E77: M | F77: 1.8 | G77: =I77-H77 -> 1.62 | H77: 6.81 | I77: 8.43 | J77: =G77*(1+$O$5) -> 1.949508 | K77: =H77*(1+$O$5) -> 8.195154 | L77: =J77+K77 -> 10.144662 | M77: =TRUNC(J77*F77,2) -> 3.5 | N77: =TRUNC(K77*F77,2) -> 14.75 | O77: =M77+N77 -> 18.25
B78: 8.10 | C78: PESQUISA | D78: TUBO PVC, SERIE NORMAL, ESGOTO PREDIAL, DN 50 MM, FORNECIDO E INSTALADO EM RAMAL DE DESCARGA OU RAMAL DE ESGOTO SANITÁRIO. AF_12/2014 | E78: M | F78: 17.4 | G78: =I78-H78 -> 7.44 | H78: 13.91 | I78: 21.35 | J78: =G78*(1+$O$5) -> 8.953296 | K78: =H78*(1+$O$5) -> 16.739294 | L78: =J78+K78 -> 25.69259 | M78: =F78*J78 -> 155.78735 | N78: =TRUNC(K78*F78,2) -> 291.26 | O78: =M78+N78 -> 447.04735
B79: 8.11 | C79: PESQUISA | D79: TUBO PVC, SERIE NORMAL, ESGOTO PREDIAL, DN 100 MM, FORNECIDO E INSTALADO EM RAMAL DE DESCARGA OU RAMAL DE ESGOTO SANITÁRIO. AF_12/2014 | E79: M | F79: 11 | G79: =I79-H79 -> 12.08 | H79: 19.3 | I79: 31.38 | J79: =G79*(1+$O$5) -> 14.537072 | K79: =H79*(1+$O$5) -> 23.22562 | L79: =J79+K79 -> 37.762692 | M79: =F79*J79 -> 159.90779 | N79: =TRUNC(K79*F79,2) -> 255.48 | O79: =M79+N79 -> 415.38779
B80: 8.13 | C80: PESQUISA | D80: JOELHO 90 GRAUS, PVC, SERIE NORMAL, ESGOTO PREDIAL, DN 100 MM, JUNTA ELÁSTICA, FORNECIDO E INSTALADO EM RAMAL DE DESCARGA OU RAMAL DE ESGOTO SANITÁR IO. AF_08/2022 | E80: UN | F80: 1 | G80: =I80-H80 -> 4.93 | H80: 8.37 | I80: 13.3 | J80: =G80*(1+$O$5) -> 5.932762 | K80: =H80*(1+$O$5) -> 10.072458 | L80: =J80+K80 -> 16.00522 | M80: =F80*J80 -> 5.932762 | N80: =TRUNC(K80*F80,2) -> 10.07 | O80: =M80+N80 -> 16.002762
B81: 8.14 | C81: PESQUISA | D81: JOELHO 90 GRAUS, PVC, SERIE NORMAL, ESGOTO PREDIAL, DN 50 MM, JUNTA ELÁSTICA, FORNECIDO E INSTALADO EM RAMAL DE DESCARGA OU RAMAL DE ESGOTO SANITÁRIO. AF_12/2014 | E81: UN | F81: 4 | G81: =I81-H81 -> 2.09 | H81: 5.97 | I81: 8.06 | J81: =G81*(1+$O$5) -> 2.515106 | K81: =H81*(1+$O$5) -> 7.184298 | L81: =J81+K81 -> 9.699404 | M81: =F81*J81 -> 10.060424 | N81: =TRUNC(K81*F81,2) -> 28.73 | O81: =M81+N81 -> 38.790424
B82: 8.15 | C82: PESQUISA | D82: JUNÇÃO DE REDUÇÃO INVERTIDA, PVC, SÉRIE NORMAL, ESGOTO PREDIAL, DN 100 X 50 MM, JUNTA ELÁSTICA, FORNECIDO E INSTALADO EM RAMAL DE DESCARGA OU RAMAL DE ESGOTO SANITÁRIO. AF_08/2022 | E82: UN | F82: 1 | G82: =I82-H82 -> 15.67 | H82: 10.13 | I82: 25.8 | J82: =G82*(1+$O$5) -> 18.857278 | K82: =H82*(1+$O$5) -> 12.190442 | L82: =J82+K82 -> 31.04772 | M82: =F82*J82 -> 18.857278 | N82: =TRUNC(K82*F82,2) -> 12.19 | O82: =M82+N82 -> 31.047278
B83: 8.17 | C83: PESQUISA | D83: LUVA SIMPLES, PVC, SERIE NORMAL, ESGOTO PREDIAL, DN 50 MM, JUNTA ELÁSTICA, FORNECIDO E INSTALADO EM RAMAL DE DESCARGA OU RAMAL DE ESGOTO SANITÁRIO. AF_12/2014 | E83: UN | F83: 2 | G83: =I83-H83 -> 2.91 | H83: 4.01 | I83: 6.92 | J83: =G83*(1+$O$5) -> 3.501894 | K83: =H83*(1+$O$5) -> 4.825634 | L83: =J83+K83 -> 8.327528 | M83: =F83*J83 -> 7.003788 | N83: =TRUNC(K83*F83,2) -> 9.65 | O83: =M83+N83 -> 16.653788
B84: 8.18 | C84: PESQUISA | D84: LUVA SIMPLES, PVC, SERIE NORMAL, ESGOTO PREDIAL, DN 100 MM, JUNTA ELÁSTICA , FORNECIDO E INSTALADO EM RAMAL DE DESCARGA OU RAMAL DE ESGOTO SANITÁRIO. AF_12/2014 | E84: UN | F84: 2 | G84: =I84-H84 -> 5.64 | H84: 5.66 | I84: 11.3 | J84: =G84*(1+$O$5) -> 6.787176 | K84: =H84*(1+$O$5) -> 6.811244 | L84: =J84+K84 -> 13.59842 | M84: =F84*J84 -> 13.574352 | N84: =TRUNC(K84*F84,2) -> 13.62 | O84: =M84+N84 -> 27.194352
B85: TOTAL DE INSTALAÇÕES SANITÁRIAS | M85: =SUM(M70:M84) -> 3874.2008 | N85: =SUM(N70:N84) -> 3731.2478 | O85: =SUM(O70:O84) -> 7605.4486
B86: 9 | D86: INSTALAÇÕES HIDRÁULICAS
B87: 9.1 | C87: 90443 | D87: RASGO EM ALVENARIA PARA RAMAIS/ DISTRIBUIÇÃO COM DIAMETROS MENORES OU IGUAIS A 40 MM. AF_05/2015 | E87: M | F87: 9.65 | G87: =I87-H87 -> 1.62 | H87: 6.81 | I87: 8.43 | J87: =G87*(1+$O$5) -> 1.949508 | K87: =H87*(1+$O$5) -> 8.195154 | L87: =J87+K87 -> 10.144662 | M87: =TRUNC(J87*F87,2) -> 18.81 | N87: =TRUNC(K87*F87,2) -> 79.08 | O87: =M87+N87 -> 97.89
B88: 9.2 | C88: PESQUISA | D88: KIT CAVALETE PARA MEDIÇÃO DE ÁGUA - ENTRADA PRINCIPAL, EM PVC SOLDÁVEL DN UN 25 (¾") FORNECIMENTO E INSTALAÇÃO (EXCLUSIVE HIDRÔMETRO). AF_11/2016 | E88: UN | F88: 1 | G88: =I88-H88 -> 66.39 | H88: 67.41 | I88: 133.8 | J88: =G88*(1+$O$5) -> 79.893726 | K88: =H88*(1+$O$5) -> 81.121194 | L88: =J88+K88 -> 161.01492 | M88: =F88*J88 -> 79.893726 | N88: =TRUNC(K88*F88,2) -> 81.12 | O88: =M88+N88 -> 161.01373
B89: 9.3 | C89: PESQUISA | D89: TUBO, PVC, SOLDÁVEL, DN 25MM, INSTALADO EM RAMAL OU SUB-RAMAL DE ÁGUA - FORNECIMENTO E INSTALAÇÃO. AF_12/2014 | E89: M | F89: 70 | G89: =I89-H89 -> 3.03 | H89: 16.58 | I89: 19.61 | J89: =G89*(1+$O$5) -> 3.646302 | K89: =H89*(1+$O$5) -> 19.952372 | L89: =J89+K89 -> 23.598674 | M89: =F89*J89 -> 255.24114 | N89: =TRUNC(K89*F89,2) -> 1396.66 | O89: =M89+N89 -> 1651.9011
D90: tubo 32mm | F90: 120
B91: 9.4 | C91: PESQUISA | D91: JOELHO 90 GRAUS, PVC, SOLDÁVEL, DN 25MM, INSTALADO EM RAMAL OU SUB-RAMAL DE ÁGUA - FORNECIMENTO E INSTALAÇÃO. AF_12/2014 | E91: UN | F91: 5 | G91: =I91-H91 -> 0.63 | H91: 6.62 | I91: 7.25 | J91: =G91*(1+$O$5) -> 0.758142 | K91: =H91*(1+$O$5) -> 7.966508 | L91: =J91+K91 -> 8.72465 | M91: =F91*J91 -> 3.79071 | N91: =TRUNC(K91*F91,2) -> 39.83 | O91: =M91+N91 -> 43.62071
B92: 9.5 | C92: PESQUISA | D92: ADAPTADOR COM FLANGE E ANEL DE VEDAÇÃO, PVC, SOLDÁVEL, DN 25 MM X 3/4 , INSTALADO EM RESERVAÇÃO DE ÁGUA DE EDIFICAÇÃO QUE POSSUA RESERVATÓRIO DE FI BRA/FIBROCIMENTO FORNECIMENTO E INSTALAÇÃO. AF_06/2016 | E92: UN | F92: 1 | G92: =I92-H92 -> 8.23 | H92: 5.82 | I92: 14.05 | J92: =G92*(1+$O$5) -> 9.903982 | K92: =H92*(1+$O$5) -> 7.003788 | L92: =J92+K92 -> 16.90777 | M92: =F92*J92 -> 9.903982 | N92: =TRUNC(K92*F92,2) -> 7 | O92: =M92+N92 -> 16.903982
B93: 9.6 | C93: PESQUISA | D93: JOELHO 90 GRAUS COM BUCHA DE LATÃO, PVC, SOLDÁVEL, DN 25MM, X 3/4 INSTALADO EM RAMAL OU SUB-RAMAL DE ÁGUA - FORNECIMENTO E INSTALAÇÃO. AF_12/2014 | E93: UN | F93: 4 | G93: =I93-H93 -> 6.23 | H93: 6.35 | I93: 12.58 | J93: =G93*(1+$O$5) -> 7.497182 | K93: =H93*(1+$O$5) -> 7.64159 | L93: =J93+K93 -> 15.138772 | M93: =F93*J93 -> 29.988728 | N93: =TRUNC(K93*F93,2) -> 30.56 | O93: =M93+N93 -> 60.548728
B94: 9.7 | C94: PESQUISA | D94: TÊ COM BUCHA DE LATÃO NA BOLSA CENTRAL, PVC, SOLDÁVEL, DN 25MM X 1/2, INSTALADO EM RAMAL OU SUB-RAMAL DE ÁGUA - FORNECIMENTO E INSTALAÇÃO. AF_12/2014 | E94: UN | F94: 1 | G94: =I94-H94 -> 6.56 | H94: 7.84 | I94: 14.4 | J94: =G94*(1+$O$5) -> 7.894304 | K94: =H94*(1+$O$5) -> 9.434656 | L94: =J94+K94 -> 17.32896 | M94: =F94*J94 -> 7.894304 | N94: =TRUNC(K94*F94,2) -> 9.43 | O94: =M94+N94 -> 17.324304
B95: 9.9 | C95: PESQUISA | D95: REGISTRO DE GAVETA BRUTO, LATÃO, ROSCÁVEL, 3/4", COM ACABAMENTO E CANOPLA CROMADOS - FORNECIMENTO E INSTALAÇÃO. AF_08/2021 | E95: UN | F95: 3 | G95: =I95-H95 -> 64.27 | H95: 9.73 | I95: 74 | J95: =G95*(1+$O$5) -> 77.342518 | K95: =H95*(1+$O$5) -> 11.709082 | L95: =J95+K95 -> 89.0516 | M95: =F95*J95 -> 232.02755 | N95: =TRUNC(K95*F95,2) -> 35.12 | O95: =M95+N95 -> 267.14755
B96: 9.10 | C96: PESQUISA | D96: TORNEIRA DE BOIA PARA CAIXA D'ÁGUA, ROSCÁVEL, 3/4" - FORNECIMENTO E INSTALAÇÃO. AF_08/2021 | E96: UN | F96: 1 | G96: =I96-H96 -> 11.47 | H96: 8.08 | I96: 19.55 | J96: =G96*(1+$O$5) -> 13.802998 | K96: =H96*(1+$O$5) -> 9.723472 | L96: =J96+K96 -> 23.52647 | M96: =F96*J96 -> 13.802998 | N96: =TRUNC(K96*F96,2) -> 9.72 | O96: =M96+N96 -> 23.522998
B97: 9.11 | C97: PESQUISA | D97: CAIXA D´ÁGUA EM POLIETILENO, 500 LITROS - FORNECIMENTO E INSTALAÇÃO. AF_06/2021 1.000 | E97: UN | F97: 1 | G97: =I97-H97 -> 232.63 | H97: 4.47 | I97: 237.1 | J97: =G97*(1+$O$5) -> 279.94694 | K97: =H97*(1+$O$5) -> 5.379198 | L97: =J97+K97 -> 285.32614 | M97: =F97*J97 -> 279.94694 | N97: =TRUNC(K97*F97,2) -> 5.37 | O97: =M97+N97 -> 285.31694
B98: TOTAL DE INSTALAÇÕES HIDRÁULICAS | M98: =SUM(M87:M97) -> 931.30008 | N98: =SUM(N87:N97) -> 1693.89 | O98: =SUM(O87:O97) -> 2625.1901
B99: 10 | D99: LOUÇAS, METAIS E EQUIPAMENTOS
B100: 10.1 | C100: PESQUISA | D100: VASO SANITÁRIO SIFONADO COM CAIXA ACOPLADA LOUÇA BRANCA, INCLUSO ENGATE FLEXÍVEL EM PLÁSTICO BRANCO, 1/2 X 40CM - FORNECIMENTO E INSTALAÇÃO. AF_01/2020 | E100: UN | F100: 1 | G100: =I100-H100 -> 664.17 | H100: 31.33 | I100: 695.5 | J100: =G100*(1+$O$5) -> 799.26218 | K100: =H100*(1+$O$5) -> 37.702522 | L100: =J100+K100 -> 836.9647 | M100: =F100*J100 -> 799.26218 | N100: =TRUNC(K100*F100,2) -> 37.7 | O100: =M100+N100 -> 836.96218
B101: 10.2 | C101: PESQUISA | D101: ASSENTO SANITÁRIO CONVENCIONAL - FORNECIMENTO E INSTALACAO. AF_01/2020 | E101: UN | F101: 1 | G101: =I101-H101 -> 38.91 | H101: 4.38 | I101: 43.29 | J101: =G101*(1+$O$5) -> 46.824294 | K101: =H101*(1+$O$5) -> 5.270892 | L101: =J101+K101 -> 52.095186 | M101: =F101*J101 -> 46.824294 | N101: =TRUNC(K101*F101,2) -> 5.27 | O101: =M101+N101 -> 52.094294
B102: 10.3 | C102: PESQUISA | D102: TORNEIRA CROMADA DE MESA, 1/2 OU 3/4, PARA LAVATÓRIO, PADRÃO MÉDIO - FORNECIMENTO E INSTALAÇÃO. AF_01/2020 | E102: UN | F102: 3 | G102: =I102-H102 -> 141.15 | H102: 2.95 | I102: 144.1 | J102: =G102*(1+$O$5) -> 169.85991 | K102: =H102*(1+$O$5) -> 3.55003 | L102: =J102+K102 -> 173.40994 | M102: =F102*J102 -> 509.57973 | N102: =TRUNC(K102*F102,2) -> 10.65 | O102: =M102+N102 -> 520.22973
...

Sheet Orçamento Geral
A2: OBRA: | C2: CANIL COMUNITÁRIO | U2: =C2 -> CANIL COMUNITÁRIO
A3: ENDEREÇO: | C3: RUA ORFELINO BIZARRO MARTINS - TAQUARI/RS | U3: =C3 -> RUA ORFELINO BIZARRO MARTINS - TAQUARI/RS
A4: FONTE: | C4: SINAPI - RIO GRANDE DO SUL JANEIRO/2026 NÃO DESONERADO | U4: =C4 -> SINAPI - RIO GRANDE DO SUL JANEIRO/2026 NÃO DESONERADO
C5: ORSE - JANEIRO/2026 | U5: =C5 -> ORSE - JANEIRO/2026
A6: BDI: | C6: 0.2034 | M6: ENCARGOS SOCIAIS | O6: HORISTA: | P6: 1.1195 | Q6: MENSALISTA: | R6: 0.6929
A7: PLANILHA ORÇAMENTÁRIA
A9: BDI | B9: ENCARGOS SOCIAIS | C9: ITEM | D9: DESCRIÇÃO | E9: UNID | F9: QTD | G9: CUSTO UNITÁRIO SEM BDI | J9: CUSTO UNITÁRIO COM BDI | M9: CUSTO TOTAL COM BDI | P9: FONTE | Q9: CÓDIGO | R9: DATA BASE
G10: MATERIAL | H10: MÃO DE OBRA | I10: CUSTO TOTAL | J10: MATERIAL | K10: MÃO DE OBRA | L10: CUSTO TOTAL | M10: MATERIAL | N10: MÃO DE OBRA | O10: VALOR TOTAL
C11: 1 | D11: INSTALAÇÕES PROVISÓRIAS
A12: 0.2034 | B12: 0.6929 | C12: 1.1 | D12: FORNECIMENTO E INSTALAÇÃO DE PLACA DE OBRA COM CHAPA GALVANIZADA E ESTRUTURA DE MADEIRA. AF_03/2022_PS | E12: M2 | F12: 4.5 | G12: =I12-H12 -> 414.83842 | H12: =I12*0.099 -> 45.58158 | I12: 460.42 | J12: =G12*(1+$C$6) -> 499.21655 | K12: =H12*(1+$C$6) -> 54.852873 | L12: =J12+K12 -> 554.06943 | M12: =TRUNC(J12*F12,2) -> 2246.47 | N12: =TRUNC(K12*F12,2) -> 246.83 | O12: =M12+N12 -> 2493.3 | P12: SIMAPI | Q12: 103689 | R12: 46023
L13: SUBTOTAL | M13: =SUM(M12:M12) -> 2246.47 | N13: =SUM(N12:N12) -> 246.83 | O13: =SUM(O12:O12) -> 2493.3
C14: 2 | D14: FUNDAÇÕES
A15: 0.2034 | B15: 0.6929 | C15: 2.1 | D15: =Composições!C9 -> ESTACA ESCAVADA MECANICAMENTE, SEM FLUIDO ESTABILIZANTE, COM 30CM DE DIÂMETRO, CONCRETO LANÇADO POR CAMINHÃO BETONEIRA | E15: =Composições!B9 -> M | F15: 33 | G15: =Composições!F9 -> 64.78 | H15: =Composições!F10 -> 6.35 | I15: =Composições!H9 -> 71.13 | J15: =G15*(1+$C$6) -> 77.956252 | K15: =H15*(1+$C$6) -> 7.64159 | L15: =J15+K15 -> 85.597842 | M15: =TRUNC(J15*F15,2) -> 2572.55 | N15: =TRUNC(K15*F15,2) -> 252.17 | O15: =M15+N15 -> 2824.72 | P15: COMPOSIÇÃO | Q15: 01 | R15: 46023
A16: 0.2034 | B16: 0.6929 | C16: 2.2 | D16: ARMAÇÃO DE BLOCO UTILIZANDO AÇO CA-60 DE 5 MM - MONTAGEM. AF_01/2024 | E16: KG | F16: 69.56 | G16: =I16-H16 -> 8.819032 | H16: =I16*0.5756 -> 11.960968 | I16: 20.78 | J16: =G16*(1+$C$6) -> 10.612823 | K16: =H16*(1+$C$6) -> 14.393829 | L16: =J16+K16 -> 25.006652 | M16: =TRUNC(J16*F16,2) -> 738.22 | N16: =TRUNC(K16*F16,2) -> 1001.23 | O16: =M16+N16 -> 1739.45 | P16: SINAPI | Q16: 96543 | R16: 46023
A17: 0.2034 | B17: 0.6929 | C17: 2.3 | D17: ARMAÇÃO DE BLOCO UTILIZANDO AÇO CA-50 DE 10 MM - MONTAGEM. AF_01/2024 | E17: KG | F17: 138.62 | G17: =I17-H17 -> 9.509494 | H17: =I17*0.3387 -> 4.870506 | I17: 14.38 | J17: =G17*(1+$C$6) -> 11.443725 | K17: =H17*(1+$C$6) -> 5.8611669 | L17: =J17+K17 -> 17.304892 | M17: =TRUNC(J17*F17,2) -> 1586.32 | N17: =TRUNC(K17*F17,2) -> 812.47 | O17: =M17+N17 -> 2398.79 | P17: SINAPI | Q17: 96546 | R17: 46023
A18: 0.2034 | B18: 0.6929 | C18: 2.4 | D18: FABRICAÇÃO, MONTAGEM E DESMONTAGEM DE FÔRMA PARA VIGA BALDRAME, EM MADEIRA SERRADA, E=25 MM, 4 UTILIZAÇÕES. AF_01/2024 | E18: M2 | F18: 46.76 | G18: =I18-H18 -> 20.522238 | H18: =I18*0.6942 -> 46.587762 | I18: 67.11 | J18: =G18*(1+$C$6) -> 24.696461 | K18: =H18*(1+$C$6) -> 56.063713 | L18: =J18+K18 -> 80.760174 | M18: =TRUNC(J18*F18,2) -> 1154.8 | N18: =TRUNC(K18*F18,2) -> 2621.53 | O18: =M18+N18 -> 3776.33 | P18: SINAPI | Q18: 96536 | R18: 46023
A19: 0.2034 | B19: 0.6929 | C19: 2.5 | D19: =Composições!C31 -> MURO BLOCO GRES - ARGAM. CI-AR 1:6 | E19: =Composições!B31 -> M2 | F19: 4.9 | G19: =Composições!F31 -> 149.65 | H19: =Composições!F32 -> 55.79 | I19: =Composições!H31 -> 205.44 | J19: =G19*(1+$C$6) -> 180.08881 | K19: =H19*(1+$C$6) -> 67.137686 | L19: =J19+K19 -> 247.2265 | M19: =TRUNC(J19*F19,2) -> 882.43 | N19: =TRUNC(K19*F19,2) -> 328.97 | O19: =M19+N19 -> 1211.4 | P19: COMPOSIÇÃO | Q19: 03 | R19: 46023
A20: 0.2034 | B20: 0.6929 | C20: 2.6 | D20: =Composições!C21 -> CONCRETAGEM DE BLOCOS DE VIGAS BALDRAMES, FCK 25 MPA, COM USO DE BOMBA LANÇAMENTO, ADENSAMENTO E ACABAMENTO. AF_06/2017 | E20: =Composições!B21 -> M3 | F20: 3.31 | G20: =Composições!F21 -> 691.89 | H20: =Composições!F22 -> 24.34 | I20: =Composições!H21 -> 716.23 | J20: =G20*(1+$C$6) -> 832.62043 | K20: =H20*(1+$C$6) -> 29.290756 | L20: =J20+K20 -> 861.91118 | M20: =TRUNC(J20*F20,2) -> 2755.97 | N20: =TRUNC(K20*F20,2) -> 96.95 | O20: =M20+N20 -> 2852.92 | P20: COMPOSIÇÃO | Q20: 02 | R20: 46023
A21: 0.2034 | B21: 0.6929 | C21: 2.7 | D21: LASTRO COM MATERIAL GRANULAR (PEDRA BRITADA N.2), APLICADO EM PISOS OU LAJES SOBRE SOLO, ESPESSURA DE *10 CM*. AF_01/2024 | E21: M3 | F21: 5.43 | G21: =I21-H21 -> 113.74041 | H21: =I21*0.3515 -> 61.649585 | I21: 175.39 | J21: =G21*(1+$C$6) -> 136.87522 | K21: =H21*(1+$C$6) -> 74.189111 | L21: =J21+K21 -> 211.06433 | M21: =TRUNC(J21*F21,2) -> 743.23 | N21: =TRUNC(K21*F21,2) -> 402.84 | O21: =M21+N21 -> 1146.07 | P21: SINAPI | Q21: 96624 | R21: 46023
L22: SUBTOTAL | M22: =SUM(M15:M21) -> 10433.52 | N22: =SUM(N15:N21) -> 5516.16 | O22: =SUM(O15:O21) -> 15949.68
C23: 3 | D23: IMPERMEABILIZAÇÃO
A24: 0.2034 | B24: 0.6929 | C24: 3.1 | D24: IMPERMEABILIZAÇÃO DE SUPERFÍCIE COM ARGAMASSA DE CIMENTO E AREIA, COM ADITIVO IMPERMEABILIZANTE, E = 1,5CM. AF_09/2023 | E24: M2 | F24: 43 | G24: =I24-H24 -> 15.760949 | H24: =I24*0.7071 -> 38.049051 | I24: 53.81 | J24: =G24*(1+$C$6) -> 18.966726 | K24: =H24*(1+$C$6) -> 45.788228 | L24: =J24+K24 -> 64.754954 | M24: =TRUNC(J24*F24,2) -> 815.56 | N24: =TRUNC(K24*F24,2) -> 1968.89 | O24: =M24+N24 -> 2784.45 | P24: SINAPI | Q24: 98562 | R24: 46023
L25: SUBTOTAL | M25: =SUM(M24:M24) -> 815.56 | N25: =SUM(N24:N24) -> 1968.89 | O25: =SUM(O24:O24) -> 2784.45
C26: 4 | D26: SUPRA ESTRUTURA
A27: 0.2034 | B27: 0.6929 | C27: 4.1 | D27: MONTAGEM E DESMONTAGEM DE FÔRMA DE VIGA, ESCORAMENTO COM GARFO DE MADEIRA, PÉ-DIREITO SIMPLES, EM CHAPA DE MADEIRA PLASTIFICADA, 18 UTILIZAÇÕES. AF_09/2020 | E27: M2 | F27: 35.8 | G27: =I27-H27 -> 41.3632 | H27: =I27*0.4112 -> 28.8868 | I27: 70.25 | J27: =G27*(1+$C$6) -> 49.776475 | K27: =H27*(1+$C$6) -> 34.762375 | L27: =J27+K27 -> 84.53885 | M27: =TRUNC(J27*F27,2) -> 1781.99 | N27: =TRUNC(K27*F27,2) -> 1244.49 | O27: =M27+N27 -> 3026.48 | P27: SINAPI | Q27: 92479 | R27: 46023
A28: 0.2034 | B28: 0.6929 | C28: 4.2 | D28: ARMAÇÃO DE PILAR OU VIGA DE ESTRUTURA CONVENCIONAL DE CONCRETO ARMADO UTILIZANDO AÇO CA-60 DE 5,0 MM - MONTAGEM. AF_06/2022 | E28: KG | F28: 52.64 | G28: =I28-H28 -> 8.82 | H28: =I28*0.3875 -> 5.58 | I28: 14.4 | J28: =G28*(1+$C$6) -> 10.613988 | K28: =H28*(1+$C$6) -> 6.714972 | L28: =J28+K28 -> 17.32896 | M28: =TRUNC(J28*F28,2) -> 558.72 | N28: =TRUNC(K28*F28,2) -> 353.47 | O28: =M28+N28 -> 912.19 | P28: SINAPI | Q28: 92759 | R28: 46023
A29: 0.2034 | B29: 0.6929 | C29: 4.3 | D29: ARMAÇÃO DE PILAR OU VIGA DE ESTRUTURA CONVENCIONAL DE CONCRETO ARMADO UTILIZANDO AÇO CA-50 DE 8,0 MM - MONTAGEM. AF_06/2022 | E29: KG | F29: 86.22 | G29: =I29-H29 -> 10.099716 | H29: =I29*0.1946 -> 2.440284 | I29: 12.54 | J29: =G29*(1+$C$6) -> 12.153998 | K29: =H29*(1+$C$6) -> 2.9366378 | L29: =J29+K29 -> 15.090636 | M29: =TRUNC(J29*F29,2) -> 1047.91 | N29: =TRUNC(K29*F29,2) -> 253.19 | O29: =M29+N29 -> 1301.1 | P29: SINAPI | Q29: 92761 | R29: 46023
A30: 0.2034 | B30: 0.6929 | C30: 4.4 | D30: CONCRETAGEM DE VIGAS E LAJES, FCK=25 MPA, PARA LAJES PREMOLDADAS COM USO DE BOMBA - LANÇAMENTO, ADENSAMENTO E ACABAMENTO. AF_02/2022_PS | E30: M3 | F30: 2.55 | G30: =I30-H30 -> 663.81182 | H30: =I30*0.0935 -> 68.46818 | I30: 732.28 | J30: =G30*(1+$C$6) -> 798.83114 | K30: =H30*(1+$C$6) -> 82.394608 | L30: =J30+K30 -> 881.22575 | M30: =TRUNC(J30*F30,2) -> 2037.01 | N30: =TRUNC(K30*F30,2) -> 210.1 | O30: =M30+N30 -> 2247.11 | P30: SINAPI | Q30: 103674 | R30: 46023
A31: 0.2034 | B31: 0.6929 | C31: 4.5 | D31: LAJE PRÉ-MOLDADA UNIDIRECIONAL, BIAPOIADA, PARA FORRO, ENCHIMENTO EM EPS, VIGOTA TRELIÇADA, ALTURA TOTAL DA LAJE "LT" = 12 CM (ENCHIMENTO+CAPA) = (8+4). AF_08/2025 | E31: M2 | F31: 4.62 | G31: =I31-H31 -> 143.64617 | H31: =I31*0.1925 -> 34.243825 | I31: 177.89 | J31: =G31*(1+$C$6) -> 172.86381 | K31: =H31*(1+$C$6) -> 41.209019 | L31: =J31+K31 -> 214.07283 | M31: =TRUNC(J31*F31,2) -> 798.63 | N31: =TRUNC(K31*F31,2) -> 190.38 | O31: =M31+N31 -> 989.01 | P31: SINAPI | Q31: 106060 | R31: 46023
L32: SUBTOTAL | M32: =SUM(M27:M31) -> 6224.26 | N32: =SUM(N27:N31) -> 2251.63 | O32: =SUM(O27:O31) -> 8475.89
C33: 5 | D33: ALVENARIAS
A34: 0.2034 | B34: 0.6929 | C34: 5.1 | D34: ALVENARIA DE BLOCOS DE CONCRETO ESTRUTURAL 14X19X39 CM (ESPESSURA 14 CM), FBK = 4,5 MPA, UTILIZANDO PALHETA. AF_10/2022 | E34: M2 | F34: 189.2 | G34: =I34-H34 -> 75.736836 | H34: =I34*0.2758 -> 28.843164 | I34: 104.58 | J34: =G34*(1+$C$6) -> 91.141708 | K34: =H34*(1+$C$6) -> 34.709864 | L34: =J34+K34 -> 125.85157 | M34: =TRUNC(J34*F34,2) -> 17244.01 | N34: =TRUNC(K34*F34,2) -> 6567.1 | O34: =M34+N34 -> 23811.11 | P34: SINAPI | Q34: 89453 | R34: 46023
A35: 0.2034 | B35: 0.6929 | C35: 5.2 | D35: ARMAÇÃO VERTICAL DE ALVENARIA ESTRUTURAL; DIÂMETRO DE 10,0 MM. AF_09/2021 | E35: KG | F35: 30.34 | G35: =I35-H35 -> 8.069848 | H35: =I35*0.2637 -> 2.890152 | I35: 10.96 | J35: =G35*(1+$C$6) -> 9.7112551 | K35: =H35*(1+$C$6) -> 3.4780089 | L35: =J35+K35 -> 13.189264 | M35: =TRUNC(J35*F35,2) -> 294.63 | N35: =TRUNC(K35*F35,2) -> 105.52 | O35: =M35+N35 -> 400.15 | P35: SINAPI | Q35: 89996 | R35: 46023
A36: 0.2034 | B36: 0.6929 | C36: 5.3 | D36: GRAUTEAMENTO VERTICAL EM ALVENARIA ESTRUTURAL. AF_09/2021 | E36: M3 | F36: ='Memória de Cálculo'!E12 -> 0.73 | G36: =I36-H36 -> 625.32098 | H36: =I36*0.4568 -> 525.85902 | I36: 1151.18 | J36: =G36*(1+$C$6) -> 752.51126 | K36: =H36*(1+$C$6) -> 632.81875 | L36: =J36+K36 -> 1385.33 | M36: =TRUNC(J36*F36,2) -> 549.33 | N36: =TRUNC(K36*F36,2) -> 461.95 | O36: =M36+N36 -> 1011.28 | P36: SINAPI | Q36: 89993 | R36: 46023
A37: 0.2034 | B37: 0.6929 | C37: 5.4 | D37: VERGA MOLDADA IN LOCO EM CONCRETO, ESPESSURA DE *10* CM. AF_03/2024 | E37: M | F37: 19.2 | G37: =I37-H37 -> 30.598828 | H37: =I37*0.4287 -> 22.961172 | I37: 53.56 | J37: =G37*(1+$C$6) -> 36.82263 | K37: =H37*(1+$C$6) -> 27.631474 | L37: =J37+K37 -> 64.454104 | M37: =TRUNC(J37*F37,2) -> 706.99 | N37: =TRUNC(K37*F37,2) -> 530.52 | O37: =M37+N37 -> 1237.51 | P37: SINAPI | Q37: 105024 | R37: 46023
A38: 0.2034 | B38: 0.6929 | C38: 5.5 | D38: CONTRAVERGA MOLDADA IN LOCO EM CONCRETO, ESPESSURA DE *10* CM. AF_03/2024 | E38: M | F38: 11.6 | G38: =I38-H38 -> 26.860085 | H38: =I38*0.3551 -> 14.789915 | I38: 41.65 | J38: =G38*(1+$C$6) -> 32.323426 | K38: =H38*(1+$C$6) -> 17.798184 | L38: =J38+K38 -> 50.12161 | M38: =TRUNC(J38*F38,2) -> 374.95 | N38: =TRUNC(K38*F38,2) -> 206.45 | O38: =M38+N38 -> 581.4 | P38: SINAPI | Q38: 105030 | R38: 46023
L39: SUBTOTAL | M39: =SUM(M34:M38) -> 19169.91 | N39: =SUM(N34:N38) -> 7871.54 | O39: =SUM(O34:O38) -> 27041.45
C40: 6 | D40: COBERTURA
A41: 0.2034 | B41: 0.6929 | C41: 6.1 | D41: FABRICAÇÃO E INSTALAÇÃO DE TESOURA INTEIRA EM AÇO, VÃO DE 8 M, PARA TELHA ONDULADA DE FIBROCIMENTO, METÁLICA, PLÁSTICA OU TERMOACÚSTICA, INCLUSO IÇAMENTO, EXCLUSIVE PINTURA. AF_10/2025 | E41: UN | F41: 5 | G41: =I41-H41 -> 844.3874 | H41: =I41*0.4607 -> 721.3226 | I41: 1565.71 | J41: =G41*(1+$C$6) -> 1016.1358 | K41: =H41*(1+$C$6) -> 868.03961 | L41: =J41+K41 -> 1884.1754 | M41: =TRUNC(J41*F41,2) -> 5080.67 | N41: =TRUNC(K41*F41,2) -> 4340.19 | O41: =M41+N41 -> 9420.86 | P41: SINAPI | Q41: 92612 | R41: 46023
A42: 0.2034 | B42: 0.6929 | C42: 6.2 | D42: TRAMA DE MADEIRA COMPOSTA POR TERÇAS PARA TELHADOS DE ATÉ 2 ÁGUAS PARA TELHA ONDULADA DE FIBROCIMENTO, METÁLICA, PLÁSTICA OU TERMOACÚSTICA, INCLUSO TRANSPORTE VERTICAL. AF_10/2025 | E42: M2 | F42: 85.24 | G42: =I42-H42 -> 17.220113 | H42: =I42*0.3359 -> 8.709887 | I42: 25.93 | J42: =G42*(1+$C$6) -> 20.722684 | K42: =H42*(1+$C$6) -> 10.481478 | L42: =J42+K42 -> 31.204162 | M42: =TRUNC(J42*F42,2) -> 1766.4 | N42: =TRUNC(K42*F42,2) -> 893.44 | O42: =M42+N42 -> 2659.84 | P42: SINAPI | Q42: 92543 | R42: 46023
A43: 0.2034 | B43: 0.6929 | C43: 6.3 | D43: TELHAMENTO COM TELHA ONDULADA DE FIBROCIMENTO E = 6 MM, COM RECOBRIMENTO LATERAL DE 1/4 DE ONDA PARA TELHADO COM INCLINAÇÃO MAIOR QUE 10°, COM ATÉ 2 ÁGUAS, INCLUSO IÇAMENTO. AF_07/2019 | E43: M2 | F43: 85.24 | G43: =I43-H43 -> 40.449024 | H43: =I43*0.1552 -> 7.430976 | I43: 47.88 | J43: =G43*(1+$C$6) -> 48.676355 | K43: =H43*(1+$C$6) -> 8.9424365 | L43: =J43+K43 -> 57.618792 | M43: =TRUNC(J43*F43,2) -> 4149.17 | N43: =TRUNC(K43*F43,2) -> 762.25 | O43: =M43+N43 -> 4911.42 | P43: SINAPI | Q43: 94207 | R43: 46023
A44: 0.2034 | B44: 0.6929 | C44: 6.4 | D44: CUMEEIRA PARA TELHA DE FIBROCIMENTO ONDULADA E = 6 MM, INCLUSO ACESSÓRIOS DE FIXAÇÃO E IÇAMENTO. AF_07/2019 | E44: M | F44: 8.3 | G44: =I44-H44 -> 75.553728 | H44: =I44*0.0464 -> 3.676272 | I44: 79.23 | J44: =G44*(1+$C$6) -> 90.921356 | K44: =H44*(1+$C$6) -> 4.4240257 | L44: =J44+K44 -> 95.345382 | M44: =TRUNC(J44*F44,2) -> 754.64 | N44: =TRUNC(K44*F44,2) -> 36.71 | O44: =M44+N44 -> 791.35 | P44: SINAPI | Q44: 94223 | R44: 46023
A45: 0.2034 | B45: 0.6929 | C45: 6.5 | D45: FORRO EM RÉGUAS DE PVC, FRISADO, PARA AMBIENTES RESIDENCIAIS, INCLUSIVE ESTRUTURA UNIDIRECIONAL DE FIXAÇÃO. AF_08/2023_PS | E45: M2 | F45: 48.65 | G45: =I45-H45 -> 54.51348 | H45: =I45*0.2846 -> 21.68652 | I45: 76.2 | J45: =G45*(1+$C$6) -> 65.601522 | K45: =H45*(1+$C$6) -> 26.097558 | L45: =J45+K45 -> 91.69908 | M45: =TRUNC(J45*F45,2) -> 3191.51 | N45: =TRUNC(K45*F45,2) -> 1269.64 | O45: =M45+N45 -> 4461.15 | P45: SINAPI | Q45: 96111 | R45: 46023
A46: 0.2034 | B46: 0.6929 | C46: 6.6 | D46: RUFO EM CHAPA DE AÇO GALVANIZADO NÚMERO 24, CORTE DE 25 CM, INCLUSO TRANSPORTE VERTICAL. AF_07/2019 | E46: M | F46: 5.4 | G46: =I46-H46 -> 51.262464 | H46: =I46*0.1552 -> 9.417536 | I46: 60.68 | J46: =G46*(1+$C$6) -> 61.689249 | K46: =H46*(1+$C$6) -> 11.333063 | L46: =J46+K46 -> 73.022312 | M46: =TRUNC(J46*F46,2) -> 333.12 | N46: =TRUNC(K46*F46,2) -> 61.19 | O46: =M46+N46 -> 394.31 | P46: SINAPI | Q46: 94231 | R46: 46023
L47: SUBTOTAL | M47: =SUM(M41:M46) -> 15275.51 | N47: =SUM(N41:N46) -> 7363.42 | O47: =SUM(O41:O46) -> 22638.93
C48: 7 | D48: INSTALAÇÕES ELÉTRICAS/TELEFONIA/LÓGICA
A49: 0.2034 | B49: 0.6929 | C49: 7.1 | D49: ENTRADA DE ENERGIA ELÉTRICA, AÉREA, BIFÁSICA, COM CAIXA DE EMBUTIR, CABO DE 16 MM2 E DISJUNTOR DIN 50A (NÃO INCLUSO O POSTE DE CONCRETO). AF_12/2025 | E49: UN | F49: 1 | G49: =I49-H49 -> 1457.1782 | H49: =I49*0.2859 -> 583.40182 | I49: 2040.58 | J49: =G49*(1+$C$6) -> 1753.5682 | K49: =H49*(1+$C$6) -> 702.06575 | L49: =J49+K49 -> 2455.634 | M49: =TRUNC(J49*F49,2) -> 1753.56 | N49: =TRUNC(K49*F49,2) -> 702.06 | O49: =M49+N49 -> 2455.62 | P49: SINAPI | Q49: 101502 | R49: 46023
A50: 0.2034 | B50: 0.6929 | C50: 7.2 | D50: CABO DE COBRE FLEXÍVEL ISOLADO, 2,5 MM², ANTI-CHAMA 450/750 V, PARA CIRCUITOS TERMINAIS - FORNECIMENTO E INSTALAÇÃO. AF_03/2023 | E50: M | F50: 574.2 | G50: =I50-H50 -> 2.930004 | H50: =I50*0.3658 -> 1.689996 | I50: 4.62 | J50: =G50*(1+$C$6) -> 3.5259668 | K50: =H50*(1+$C$6) -> 2.0337412 | L50: =J50+K50 -> 5.559708 | M50: =TRUNC(J50*F50,2) -> 2024.61 | N50: =TRUNC(K50*F50,2) -> 1167.77 | O50: =M50+N50 -> 3192.38 | P50: SINAPI | Q50: 91926 | R50: 46023
A51: 0.2034 | B51: 0.6929 | C51: 7.3 | D51: CABO DE COBRE FLEXÍVEL ISOLADO, 4 MM², ANTI-CHAMA 0,6/1,0 KV, PARA CIRCUITOS TERMINAIS - FORNECIMENTO E INSTALAÇÃO. AF_03/2023 | E51: M | F51: 45 | G51: =I51-H51 -> 5.32 | H51: =I51*0.3 -> 2.28 | I51: 7.6 | J51: =G51*(1+$C$6) -> 6.402088 | K51: =H51*(1+$C$6) -> 2.743752 | L51: =J51+K51 -> 9.14584 | M51: =TRUNC(J51*F51,2) -> 288.09 | N51: =TRUNC(K51*F51,2) -> 123.46 | O51: =M51+N51 -> 411.55 | P51: SINAPI | Q51: 91929 | R51: 46023
A52: 0.2034 | B52: 0.6929 | C52: 7.4 | D52: CABO DE COBRE FLEXÍVEL ISOLADO, 10 MM², 0,6/1,0 KV, PARA REDE AÉREA DE DISTRIBUIÇÃO DE ENERGIA ELÉTRICA DE BAIXA TENSÃO - FORNECIMENTO E INSTALAÇÃO. AF_12/2025 | E52: M | F52: 300 | G52: =I52-H52 -> 9.74475 | H52: =I52*0.085 -> 0.90525 | I52: 10.65 | J52: =G52*(1+$C$6) -> 11.726832 | K52: =H52*(1+$C$6) -> 1.0893779 | L52: =J52+K52 -> 12.81621 | M52: =TRUNC(J52*F52,2) -> 3518.04 | N52: =TRUNC(K52*F52,2) -> 326.81 | O52: =M52+N52 -> 3844.85 | P52: SINAPI | Q52: 101560 | R52: 46023
A53: 0.2034 | B53: 0.6929 | C53: 7.5 | D53: ELETRODUTO FLEXÍVEL CORRUGADO REFORÇADO, PVC, DN 32 MM (1"), PARA CIRCUITOS TERMINAIS, INSTALADO EM LAJE - FORNECIMENTO E INSTALAÇÃO. AF_03/2023 | E53: M | F53: 3.2 | G53: =I53-H53 -> 11.990823 | H53: =I53*0.2959 -> 5.039177 | I53: 17.03 | J53: =G53*(1+$C$6) -> 14.429756 | K53: =H53*(1+$C$6) -> 6.0641456 | L53: =J53+K53 -> 20.493902 | M53: =TRUNC(J53*F53,2) -> 46.17 | N53: =TRUNC(K53*F53,2) -> 19.4 | O53: =M53+N53 -> 65.57 | P53: SINAPI | Q53: 91847 | R53: 46023
A54: 0.2034 | B54: 0.6929 | C54: 7.6 | D54: ELETRODUTO FLEXÍVEL CORRUGADO REFORÇADO, PVC, DN 32 MM (1"), PARA CIRCUITOS TERMINAIS, INSTALADO EM FORRO - FORNECIMENTO E INSTALAÇÃO. AF_03/2023 | E54: M | F54: 59.8 | G54: =I54-H54 -> 15.819639 | H54: =I54*0.4621 -> 13.590361 | I54: 29.41 | J54: =G54*(1+$C$6) -> 19.037354 | K54: =H54*(1+$C$6) -> 16.35464 | L54: =J54+K54 -> 35.391994 | M54: =TRUNC(J54*F54,2) -> 1138.43 | N54: =TRUNC(K54*F54,2) -> 978 | O54: =M54+N54 -> 2116.43 | P54: SINAPI | Q54: 91837 | R54: 46023
A55: 0.2034 | B55: 0.6929 | C55: 7.7 | D55: ELETRODUTO FLEXÍVEL CORRUGADO REFORÇADO, PVC, DN 32 MM (1"), PARA CIRCUITOS TERMINAIS, INSTALADO EM PAREDE - FORNECIMENTO E INSTALAÇÃO. AF_03/2023 | E55: M | F55: 11.2 | G55: =I55-H55 -> 11.049108 | H55: =I55*0.4414 -> 8.730892 | I55: 19.78 | J55: =G55*(1+$C$6) -> 13.296497 | K55: =H55*(1+$C$6) -> 10.506755 | L55: =J55+K55 -> 23.803252 | M55: =TRUNC(J55*F55,2) -> 148.92 | N55: =TRUNC(K55*F55,2) -> 117.67 | O55: =M55+N55 -> 266.59 | P55: SINAPI | Q55: 91857 | R55: 46023
A56: 0.2034 | B56: 0.6929 | C56: 7.8 | D56: RASGO LINEAR MANUAL EM ALVENARIA, PARA ELETRODUTOS, DIÂMETROS MENORES OU IGUAIS A 40 MM. AF_09/2023 | E56: M | F56: 50 | G56: =I56-H56 -> 0 | H56: =I56*1 -> 9.27 | I56: 9.27 | J56: =G56*(1+$C$6) -> 0 | K56: =H56*(1+$C$6) -> 11.155518 | L56: =J56+K56 -> 11.155518 | M56: =TRUNC(J56*F56,2) -> 0 | N56: =TRUNC(K56*F56,2) -> 557.77 | O56: =M56+N56 -> 557.77 | P56: SINAPI | Q56: 90447 | R56: 46023
A57: 0.2034 | B57: 0.6929 | C57: 7.9 | D57: INTERRUPTOR SIMPLES (1 MÓDULO), 10A/250V, INCLUINDO SUPORTE E PLACA - FORNECIMENTO E INSTALAÇÃO. AF_03/2023 | E57: UN | F57: 6 | G57: =I57-H57 -> 13.508724 | H57: =I57*0.6098 -> 21.111276 | I57: 34.62 | J57: =G57*(1+$C$6) -> 16.256398 | K57: =H57*(1+$C$6) -> 25.40531 | L57: =J57+K57 -> 41.661708 | M57: =TRUNC(J57*F57,2) -> 97.53 | N57: =TRUNC(K57*F57,2) -> 152.43 | O57: =M57+N57 -> 249.96 | P57: SINAPI | Q57: 91953 | R57: 46023
A58: 0.2034 | B58: 0.6929 | C58: 7.10 | D58: INTERRUPTOR SIMPLES (3 MÓDULOS), 10A/250V, INCLUINDO SUPORTE E PLACA - FORNECIMENTO E INSTALAÇÃO. AF_03/2023 | E58: UN | F58: 1 | G58: =I58-H58 -> 29.9478 | H58: =I58*0.5782 -> 41.0522 | I58: 71 | J58: =G58*(1+$C$6) -> 36.039183 | K58: =H58*(1+$C$6) -> 49.402217 | L58: =J58+K58 -> 85.4414 | M58: =TRUNC(J58*F58,2) -> 36.03 | N58: =TRUNC(K58*F58,2) -> 49.4 | O58: =M58+N58 -> 85.43 | P58: SINAPI | Q58: 91967 | R58: 46023
A59: 0.2034 | B59: 0.6929 | C59: 7.11 | D59: INTERRUPTOR SIMPLES (1 MÓDULO) COM 1 TOMADA DE EMBUTIR 2P+T 10 A, INCLUINDO SUPORTE E PLACA - FORNECIMENTO E INSTALAÇÃO. AF_03/2023 | E59: UN | F59: 2 | G59: =I59-H59 -> 22.868992 | H59: =I59*0.6116 -> 36.011008 | I59: 58.88 | J59: =G59*(1+$C$6) -> 27.520545 | K59: =H59*(1+$C$6) -> 43.335647 | L59: =J59+K59 -> 70.856192 | M59: =TRUNC(J59*F59,2) -> 55.04 | N59: =TRUNC(K59*F59,2) -> 86.67 | O59: =M59+N59 -> 141.71 | P59: SINAPI | Q59: 92023 | R59: 46023
A60: 0.2034 | B60: 0.6929 | C60: 7.12 | D60: TOMADA BAIXA DE EMBUTIR (1 MÓDULO), 2P+T 10 A, INCLUINDO SUPORTE E PLACA - FORNECIMENTO E INSTALAÇÃO. AF_03/2023 | E60: UN | F60: 3 | G60: =I60-H60 -> 14.648654 | H60: =I60*0.5969 -> 21.691346 | I60: 36.34 | J60: =G60*(1+$C$6) -> 17.62819 | K60: =H60*(1+$C$6) -> 26.103366 | L60: =J60+K60 -> 43.731556 | M60: =TRUNC(J60*F60,2) -> 52.88 | N60: =TRUNC(K60*F60,2) -> 78.31 | O60: =M60+N60 -> 131.19 | P60: SINAPI | Q60: 92000 | R60: 46023
A61: 0.2034 | B61: 0.6929 | C61: 7.13 | D61: TOMADA MÉDIA DE EMBUTIR (1 MÓDULO), 2P+T 10 A, INCLUINDO SUPORTE E PLACA - FORNECIMENTO E INSTALAÇÃO. AF_03/2023 | E61: UN | F61: 12 | G61: =I61-H61 -> 14.649625 | H61: =I61*0.6405 -> 26.100375 | I61: 40.75 | J61: =G61*(1+$C$6) -> 17.629359 | K61: =H61*(1+$C$6) -> 31.409191 | L61: =J61+K61 -> 49.03855 | M61: =TRUNC(J61*F61,2) -> 211.55 | N61: =TRUNC(K61*F61,2) -> 376.91 | O61: =M61+N61 -> 588.46 | P61: SINAPI | Q61: 91996 | R61: 46023
A62: 0.2034 | B62: 0.6929 | C62: 7.14 | D62: TOMADA BAIXA DE EMBUTIR (2 MÓDULOS), 2P+T 10 A, INCLUINDO SUPORTE E PLACA - FORNECIMENTO E INSTALAÇÃO. AF_03/2023 | E62: UN | F62: 2 | G62: =I62-H62 -> 24.00864 | H62: =I62*0.5728 -> 32.19136 | I62: 56.2 | J62: =G62*(1+$C$6) -> 28.891997 | K62: =H62*(1+$C$6) -> 38.739083 | L62: =J62+K62 -> 67.63108 | M62: =TRUNC(J62*F62,2) -> 57.78 | N62: =TRUNC(K62*F62,2) -> 77.47 | O62: =M62+N62 -> 135.25 | P62: SINAPI | Q62: 92008 | R62: 46023
A63: 0.2034 | B63: 0.6929 | C63: 7.15 | D63: TOMADA ALTA DE EMBUTIR (1 MÓDULO), 2P+T 10 A, INCLUINDO SUPORTE E PLACA - FORNECIMENTO E INSTALAÇÃO. AF_03/2023 | E63: UN | F63: 2 | G63: =I63-H63 -> 14.650932 | H63: =I63*0.7189 -> 37.469068 | I63: 52.12 | J63: =G63*(1+$C$6) -> 17.630932 | K63: =H63*(1+$C$6) -> 45.090276 | L63: =J63+K63 -> 62.721208 | M63: =TRUNC(J63*F63,2) -> 35.26 | N63: =TRUNC(K63*F63,2) -> 90.18 | O63: =M63+N63 -> 125.44 | P63: SINAPI | Q63: 91992 | R63: 46023
A64: 0.2034 | B64: 0.6929 | C64: 7.16 | D64: DISJUNTOR MONOPOLAR TIPO DIN, CORRENTE NOMINAL DE 16A - FORNECIMENTO E INSTALAÇÃO. AF_07/2025 | E64: UN | F64: 4 | G64: =I64-H64 -> 9.750318 | H64: =I64*0.1751 -> 2.069682 | I64: 11.82 | J64: =G64*(1+$C$6) -> 11.733533 | K64: =H64*(1+$C$6) -> 2.4906553 | L64: =J64+K64 -> 14.224188 | M64: =TRUNC(J64*F64,2) -> 46.93 | N64: =TRUNC(K64*F64,2) -> 9.96 | O64: =M64+N64 -> 56.89 | P64: SINAPI | Q64: 93654 | R64: 46023
A65: 0.2034 | B65: 0.6929 | C65: 7.17 | D65: DISJUNTOR MONOPOLAR TIPO DIN, CORRENTE NOMINAL DE 20A - FORNECIMENTO E INSTALAÇÃO. AF_07/2025 | E65: UN | F65: 1 | G65: =I65-H65 -> 10.11038 | H65: =I65*0.2132 -> 2.73962 | I65: 12.85 | J65: =G65*(1+$C$6) -> 12.166831 | K65: =H65*(1+$C$6) -> 3.2968587 | L65: =J65+K65 -> 15.46369 | M65: =TRUNC(J65*F65,2) -> 12.16 | N65: =TRUNC(K65*F65,2) -> 3.29 | O65: =M65+N65 -> 15.45 | P65: SINAPI | Q65: 93655 | R65: 46023
A66: 0.2034 | B66: 0.6929 | C66: 7.18 | D66: DISJUNTOR MONOPOLAR TIPO DIN, CORRENTE NOMINAL DE 32A - FORNECIMENTO E INSTALAÇÃO. AF_07/2025 | E66: UN | F66: 1 | G66: =I66-H66 -> 10.399368 | H66: =I66*0.3308 -> 5.140632 | I66: 15.54 | J66: =G66*(1+$C$6) -> 12.514599 | K66: =H66*(1+$C$6) -> 6.1862365 | L66: =J66+K66 -> 18.700836 | M66: =TRUNC(J66*F66,2) -> 12.51 | N66: =TRUNC(K66*F66,2) -> 6.18 | O66: =M66+N66 -> 18.69 | P66: SINAPI | Q66: 93657 | R66: 46023
A67: 0.2034 | B67: 0.6929 | C67: 7.19 | D67: QUADRO DE DISTRIBUIÇÃO DE ENERGIA EM CHAPA DE AÇO GALVANIZADO, DE EMBUTIR, COM BARRAMENTO TRIFÁSICO, PARA 12 DISJUNTORES DIN 100A - FORNECIMENTO E INSTALAÇÃO. AF_07/2025 | E67: UN | F67: 1 | G67: =I67-H67 -> 379.45068 | H67: =I67*0.189 -> 88.42932 | I67: 467.88 | J67: =G67*(1+$C$6) -> 456.63095 | K67: =H67*(1+$C$6) -> 106.41584 | L67: =J67+K67 -> 563.04679 | M67: =TRUNC(J67*F67,2) -> 456.63 | N67: =TRUNC(K67*F67,2) -> 106.41 | O67: =M67+N67 -> 563.04 | P67: SINAPI | Q67: 101875 | R67: 46023
A68: 0.2034 | B68: 0.6929 | C68: 7.20 | D68: =Composições!C40 -> LUMINÁRIA TIPO PLAFON QUADRADA, DE SOBREPOR, 17X17CM, COM LED DE 12 W - FORNECIMENTO E INSTALAÇÃO. AF_09/2024 | E68: =Composições!B40 -> UN | F68: 11 | G68: =Composições!F40 -> 17.5 | H68: =Composições!F41 -> 19.94 | I68: =Composições!H40 -> 37.44 | J68: =G68*(1+$C$6) -> 21.0595 | K68: =H68*(1+$C$6) -> 23.995796 | L68: =J68+K68 -> 45.055296 | M68: =TRUNC(J68*F68,2) -> 231.65 | N68: =TRUNC(K68*F68,2) -> 263.95 | O68: =M68+N68 -> 495.6 | P68: COMPOSIÇÃO | Q68: 04 | R68: 46023
A69: 0.2034 | B69: 0.6929 | C69: 7.21 | D69: LUMINÁRIA TIPO PLAFON CIRCULAR, DE SOBREPOR, COM LED DE 12/13 W - FORNECIMENTO E INSTALAÇÃO. AF_09/2024 | E69: UN | F69: 5 | G69: =I69-H69 -> 10.67913 | H69: =I69*0.6458 -> 19.47087 | I69: 30.15 | J69: =G69*(1+$C$6) -> 12.851265 | K69: =H69*(1+$C$6) -> 23.431245 | L69: =J69+K69 -> 36.28251 | M69: =TRUNC(J69*F69,2) -> 64.25 | N69: =TRUNC(K69*F69,2) -> 117.15 | O69: =M69+N69 -> 181.4 | P69: SINAPI | Q69: 103782 | R69: 46023
L70: SUBTOTAL | M70: =SUM(M49:M69) -> 10288.02 | N70: =SUM(N49:N69) -> 5411.25 | O70: =SUM(O49:O69) -> 15699.27
C71: 8 | D71: PRÉ-INSTALAÇÃO DE AR CONDICIONADO
A72: 0.2034 | B72: 0.6929 | C72: 8.1 | D72: TUBO EM COBRE FLEXÍVEL, DN 1/4", COM ISOLAMENTO, INSTALADO EM RAMAL DE ALIMENTAÇÃO DE AR-CONDICIONADO - FORNECIMENTO E INSTALAÇÃO. AF_07/2025 | E72: M | F72: =1.5+1.5 -> 3 | G72: =I72-H72 -> 25.6397 | H72: =I72*0.0924 -> 2.6103 | I72: 28.25 | J72: =G72*(1+$C$6) -> 30.854815 | K72: =H72*(1+$C$6) -> 3.141235 | L72: =J72+K72 -> 33.99605 | M72: =TRUNC(J72*F72,2) -> 92.56 | N72: =TRUNC(K72*F72,2) -> 9.42 | O72: =M72+N72 -> 101.98 | P72: SINAPI | Q72: 97327 | R72: 46023
A73: 0.2034 | B73: 0.6929 | C73: 8.2 | D73: TUBO EM COBRE FLEXÍVEL, DN 3/8", COM ISOLAMENTO, INSTALADO EM RAMAL DE ALIMENTAÇÃO DE AR-CONDICIONADO - FORNECIMENTO E INSTALAÇÃO. AF_07/2025 | E73: M | F73: =1.5+1.5 -> 3 | G73: =I73-H73 -> 43.911686 | H73: =I73*0.0669 -> 3.148314 | I73: 47.06 | J73: =G73*(1+$C$6) -> 52.843323 | K73: =H73*(1+$C$6) -> 3.7886811 | L73: =J73+K73 -> 56.632004 | M73: =TRUNC(J73*F73,2) -> 158.52 | N73: =TRUNC(K73*F73,2) -> 11.36 | O73: =M73+N73 -> 169.88 | P73: SINAPI | Q73: 97328 | R73: 46023
A74: 0.2034 | B74: 0.6929 | C74: 8.3 | D74: JOELHO 90 GRAUS, PVC, SOLDÁVEL, DN 25MM, INSTALADO EM DRENO DE AR-CONDICIONADO - FORNECIMENTO E INSTALAÇÃO. AF_08/2022 | E74: UN | F74: =1+1 -> 2 | G74: =I74-H74 -> 2.250132 | H74: =I74*0.7302 -> 6.089868 | I74: 8.34 | J74: =G74*(1+$C$6) -> 2.7078088 | K74: =H74*(1+$C$6) -> 7.3285472 | L74: =J74+K74 -> 10.036356 | M74: =TRUNC(J74*F74,2) -> 5.41 | N74: =TRUNC(K74*F74,2) -> 14.65 | O74: =M74+N74 -> 20.06 | P74: SINAPI | Q74: 89866 | R74: 46023
A75: 0.2034 | B75: 0.6929 | C75: 8.4 | D75: RASGO LINEAR MANUAL EM ALVENARIA, PARA ELETRODUTOS, DIÂMETROS MENORES OU IGUAIS A 40 MM. AF_09/2023 | E75: M | F75: =1.5+1.5 -> 3 | G75: =I75-H75 -> 0 | H75: =I75*1 -> 9.27 | I75: 9.27 | J75: =G75*(1+$C$6) -> 0 | K75: =H75*(1+$C$6) -> 11.155518 | L75: =J75+K75 -> 11.155518 | M75: =TRUNC(J75*F75,2) -> 0 | N75: =TRUNC(K75*F75,2) -> 33.46 | O75: =M75+N75 -> 33.46 | P75: SINAPI | Q75: 90447 | R75: 46023
A76: 0.2034 | B76: 0.6929 | C76: 8.5 | D76: TUBO, PVC, SOLDÁVEL, DE 25MM, INSTALADO EM DRENO DE AR-CONDICIONADO - FORNECIMENTO E INSTALAÇÃO. AF_08/2022 | E76: M | F76: =2.5+2.5 -> 5 | G76: =I76-H76 -> 5.40015 | H76: =I76*0.7225 -> 14.05985 | I76: 19.46 | J76: =G76*(1+$C$6) -> 6.4985405 | K76: =H76*(1+$C$6) -> 16.919623 | L76: =J76+K76 -> 23.418164 | M76: =TRUNC(J76*F76,2) -> 32.49 | N76: =TRUNC(K76*F76,2) -> 84.59 | O76: =M76+N76 -> 117.08 | P76: SINAPI | Q76: 89865 | R76: 46023
A77: 0.2034 | B77: 0.6929 | C77: 8.6 | D77: ELETRODUTO FLEXÍVEL CORRUGADO, PVC, DN 25 MM (3/4"), PARA CIRCUITOS TERMINAIS, INSTALADO EM FORRO - FORNECIMENTO E INSTALAÇÃO. AF_03/2023 | E77: M | F77: 3 | G77: =I77-H77 -> 7.940214 | H77: =I77*0.6166 -> 12.769786 | I77: 20.71 | J77: =G77*(1+$C$6) -> 9.5552535 | K77: =H77*(1+$C$6) -> 15.36716 | L77: =J77+K77 -> 24.922414 | M77: =TRUNC(J77*F77,2) -> 28.66 | N77: =TRUNC(K77*F77,2) -> 46.1 | O77: =M77+N77 -> 74.76 | P77: SINAPI | Q77: 91834 | R77: 46023
A78: 0.2034 | B78: 0.6929 | C78: 8.7 | D78: TOMADA PARA AR CONDICIONADO, COM CAIXA PVC E DISJUNTOR BI-POLAR 20 A, EMBUTIDA | E78: UN | F78: 2 | G78: 29.69 | H78: =17.04+19+1.37 -> 37.41 | I78: =SUM(G78:H78) -> 67.1 | J78: =G78*(1+$C$6) -> 35.728946 | K78: =H78*(1+$C$6) -> 45.019194 | L78: =J78+K78 -> 80.74814 | M78: =TRUNC(J78*F78,2) -> 71.45 | N78: =TRUNC(K78*F78,2) -> 90.03 | O78: =M78+N78 -> 161.48 | P78: ORSE | Q78: 11571 | R78: 46023
L79: SUBTOTAL | M79: =SUM(M72:M78) -> 389.09 | N79: =SUM(N72:N78) -> 289.61 | O79: =SUM(O72:O78) -> 678.7
C80: 9 | D80: INSTALAÇÕES SANITÁRIAS
A81: 0.2034 | B81: 0.6929 | C81: 9.1 | D81: ESCAVAÇÃO MECANIZADA PARA VIGA BALDRAME OU SAPATA CORRIDA COM MINI-ESCAVADEIRA (INCLUINDO ESCAVAÇÃO PARA COLOCAÇÃO DE FÔRMAS). AF_01/2024 | E81: M3 | F81: 2.7 | G81: =I81-H81 -> 34.002102 | H81: =I81*0.4103 -> 23.657898 | I81: 57.66 | J81: =G81*(1+$C$6) -> 40.91813 | K81: =H81*(1+$C$6) -> 28.469914 | L81: =J81+K81 -> 69.388044 | M81: =TRUNC(J81*F81,2) -> 110.47 | N81: =TRUNC(K81*F81,2) -> 76.86 | O81: =M81+N81 -> 187.33 | P81: SINAPI | Q81: 96525 | R81: 46023
A82: 0.2034 | B82: 0.6929 | C82: 9.2 | D82: REATERRO MECANIZADO DE VALA COM ESCAVADEIRA HIDRÁULICA (CAPACIDADE DA CAÇAMBA: 0,8 M³/POTÊNCIA: 111 HP), LARGURA 1,5 A 2,5 M, PROFUNDIDADE 1,5 A 3,0 M, COM SOLO (SEM SUBSTITUIÇÃO) DE 1ª CATEGORIA, COM COMPACTADOR DE SOLOS DE PERCUSSÃO. AF_08/2023 | E82: M3 | F82: 2 | G82: =I82-H82 -> 10.200816 | H82: =I82*0.4492 -> 8.319184 | I82: 18.52 | J82: =G82*(1+$C$6) -> 12.275662 | K82: =H82*(1+$C$6) -> 10.011306 | L82: =J82+K82 -> 22.286968 | M82: =TRUNC(J82*F82,2) -> 24.55 | N82: =TRUNC(K82*F82,2) -> 20.02 | O82: =M82+N82 -> 44.57 | P82: SINAPI | Q82: 93369 | R82: 46023
A83: 0.2034 | B83: 0.6929 | C83: 9.3 | D83: CAIXA ENTERRADA HIDRÁULICA RETANGULAR EM ALVENARIA COM TIJOLOS CERÂMICOS MACIÇOS, DIMENSÕES INTERNAS: 0,4X0,4X0,4 M PARA REDE DE ESGOTO. AF_12/2020 | E83: UN | F83: 5 | G83: =I83-H83 -> 123.375 | H83: =I83*0.6052 -> 189.125 | I83: 312.5 | J83: =G83*(1+$C$6) -> 148.46948 | K83: =H83*(1+$C$6) -> 227.59303 | L83: =J83+K83 -> 376.0625 | M83: =TRUNC(J83*F83,2) -> 742.34 | N83: =TRUNC(K83*F83,2) -> 1137.96 | O83: =M83+N83 -> 1880.3 | P83: SINAPI | Q83: 97901 | R83: 46023
A84: 0.2034 | B84: 0.6929 | C84: 9.4 | D84: CAIXA SIFONADA, PVC, DN 100 X 100 X 50 MM, JUNTA ELÁSTICA, FORNECIDA E INSTALADA EM RAMAL DE DESCARGA OU EM RAMAL DE ESGOTO SANITÁRIO. AF_08/2022 | E84: UN | F84: 6 | G84: =I84-H84 -> 34.438305 | H84: =I84*0.3895 -> 21.971695 | I84: 56.41 | J84: =G84*(1+$C$6) -> 41.443056 | K84: =H84*(1+$C$6) -> 26.440738 | L84: =J84+K84 -> 67.883794 | M84: =TRUNC(J84*F84,2) -> 248.65 | N84: =TRUNC(K84*F84,2) -> 158.64 | O84: =M84+N84 -> 407.29 | P84: SINAPI | Q84: 89707 | R84: 46023
A85: 0.2034 | B85: 0.6929 | C85: 9.5 | D85: FILTRO ANAERÓBIO CIRCULAR, EM CONCRETO PRÉ-MOLDADO, DIÂMETRO INTERNO = 1,10 M, ALTURA INTERNA = 1,50 M, VOLUME ÚTIL: 1140,4 L (PARA 5 CONTRIBUINTES). AF_12/2020 | E85: UN | F85: 1 | G85: =I85-H85 -> 1013.1115 | H85: =I85*0.4613 -> 867.54846 | I85: 1880.66 | J85: =G85*(1+$C$6) -> 1219.1784 | K85: =H85*(1+$C$6) -> 1044.0078 | L85: =J85+K85 -> 2263.1862 | M85: =TRUNC(J85*F85,2) -> 1219.17 | N85: =TRUNC(K85*F85,2) -> 1044 | O85: =M85+N85 -> 2263.17 | P85: SINAPI | Q85: 98088 | R85: 46023
A86: 0.2034 | B86: 0.6929 | C86: 9.6 | D86: SUMIDOURO RETANGULAR, EM ALVENARIA COM BLOCOS DE CONCRETO, DIMENSÕES INTERNAS: 0,8 X 1,4 X H=3,0 M, ÁREA DE INFILTRAÇÃO: 13,2 M² (PARA 5 CONTRIBUINTES). AF_12/2020 | E86: UN | F86: 1 | G86: =I86-H86 -> 1683.8315 | H86: =I86*0.4292 -> 1266.1185 | I86: 2949.95 | J86: =G86*(1+$C$6) -> 2026.3228 | K86: =H86*(1+$C$6) -> 1523.6471 | L86: =J86+K86 -> 3549.9698 | M86: =TRUNC(J86*F86,2) -> 2026.32 | N86: =TRUNC(K86*F86,2) -> 1523.64 | O86: =M86+N86 -> 3549.96 | P86: SINAPI | Q86: 98094 | R86: 46023
A87: 0.2034 | B87: 0.6929 | C87: 9.7 | D87: TANQUE SÉPTICO CIRCULAR, EM CONCRETO PRÉ-MOLDADO, DIÂMETRO INTERNO = 1,10 M, ALTURA INTERNA = 2,50 M, VOLUME ÚTIL: 2138,2 L (PARA 5 CONTRIBUINTES). AF_12/2020 | E87: UN | F87: 1 | G87: =I87-H87 -> 1188.5078 | H87: =I87*0.465 -> 1033.0022 | I87: 2221.51 | J87: =G87*(1+$C$6) -> 1430.2503 | K87: =H87*(1+$C$6) -> 1243.1148 | L87: =J87+K87 -> 2673.3651 | M87: =TRUNC(J87*F87,2) -> 1430.25 | N87: =TRUNC(K87*F87,2) -> 1243.11 | O87: =M87+N87 -> 2673.36 | P87: SINAPI | Q87: 98052 | R87: 46023
A88: 0.2034 | B88: 0.6929 | C88: 9.8 | D88: RASGO LINEAR MANUAL EM ALVENARIA, PARA RAMAIS/ DISTRIBUIÇÃO DE INSTALAÇÕES HIDRÁULICAS, DIÂMETROS MENORES OU IGUAIS A 40 MM. AF_09/2023 | E88: M | F88: 1.8 | G88: =I88-H88 -> 0 | H88: =I88*1 -> 8.59 | I88: 8.59 | J88: =G88*(1+$C$6) -> 0 | K88: =H88*(1+$C$6) -> 10.337206 | L88: =J88+K88 -> 10.337206 | M88: =TRUNC(J88*F88,2) -> 0 | N88: =TRUNC(K88*F88,2) -> 18.6 | O88: =M88+N88 -> 18.6 | P88: SINAPI | Q88: 90443 | R88: 46023
A89: 0.2034 | B89: 0.6929 | C89: 9.9 | D89: TUBO PVC, SERIE NORMAL, ESGOTO PREDIAL, DN 50 MM, FORNECIDO E INSTALADO EM RAMAL DE DESCARGA OU RAMAL DE ESGOTO SANITÁRIO. AF_08/2022 | E89: M | F89: 17.4 | G89: =I89-H89 -> 13.579515 | H89: =I89*0.5635 -> 17.530485 | I89: 31.11 | J89: =G89*(1+$C$6) -> 16.341588 | K89: =H89*(1+$C$6) -> 21.096186 | L89: =J89+K89 -> 37.437774 | M89: =TRUNC(J89*F89,2) -> 284.34 | N89: =TRUNC(K89*F89,2) -> 367.07 | O89: =M89+N89 -> 651.41 | P89: SINAPI | Q89: 89712 | R89: 46023
A90: 0.2034 | B90: 0.6929 | C90: 9.10 | D90: TUBO PVC, SERIE NORMAL, ESGOTO PREDIAL, DN 100 MM, FORNECIDO E INSTALADO EM RAMAL DE DESCARGA OU RAMAL DE ESGOTO SANITÁRIO. AF_08/2022 | E90: M | F90: 11 | G90: =I90-H90 -> 18.831188 | H90: =I90*0.5652 -> 24.478812 | I90: 43.31 | J90: =G90*(1+$C$6) -> 22.661452 | K90: =H90*(1+$C$6) -> 29.457802 | L90: =J90+K90 -> 52.119254 | M90: =TRUNC(J90*F90,2) -> 249.27 | N90: =TRUNC(K90*F90,2) -> 324.03 | O90: =M90+N90 -> 573.3 | P90: SINAPI | Q90: 89714 | R90: 46023
A91: 0.2034 | B91: 0.6929 | C91: 9.11 | D91: JOELHO 90 GRAUS, PVC, SERIE NORMAL, ESGOTO PREDIAL, DN 100 MM, JUNTA ELÁSTICA, FORNECIDO E INSTALADO EM RAMAL DE DESCARGA OU RAMAL DE ESGOTO SANITÁRIO. AF_08/2022 | E91: UN | F91: 1 | G91: =I91-H91 -> 20.01017 | H91: =I91*0.3465 -> 10.60983 | I91: 30.62 | J91: =G91*(1+$C$6) -> 24.080239 | K91: =H91*(1+$C$6) -> 12.767869 | L91: =J91+K91 -> 36.848108 | M91: =TRUNC(J91*F91,2) -> 24.08 | N91: =TRUNC(K91*F91,2) -> 12.76 | O91: =M91+N91 -> 36.84 | P91: SINAPI | Q91: 89744 | R91: 46023
A92: 0.2034 | B92: 0.6929 | C92: 9.12 | D92: JOELHO 90 GRAUS, PVC, SERIE NORMAL, ESGOTO PREDIAL, DN 50 MM, JUNTA ELÁSTICA, FORNECIDO E INSTALADO EM RAMAL DE DESCARGA OU RAMAL DE ESGOTO SANITÁRIO. AF_08/2022 | E92: UN | F92: 4 | G92: =I92-H92 -> 8.830676 | H92: =I92*0.4622 -> 7.589324 | I92: 16.42 | J92: =G92*(1+$C$6) -> 10.626835 | K92: =H92*(1+$C$6) -> 9.1329925 | L92: =J92+K92 -> 19.759828 | M92: =TRUNC(J92*F92,2) -> 42.5 | N92: =TRUNC(K92*F92,2) -> 36.53 | O92: =M92+N92 -> 79.03 | P92: SINAPI | Q92: 89731 | R92: 46023
A93: 0.2034 | B93: 0.6929 | C93: 9.13 | D93: JUNÇÃO DE REDUÇÃO INVERTIDA, PVC, SÉRIE NORMAL, ESGOTO PREDIAL, DN 100 X 50 MM, JUNTA ELÁSTICA, FORNECIDO E INSTALADO EM RAMAL DE DESCARGA OU RAMAL DE ESGOTO SANITÁRIO. AF_08/2022 | E93: UN | F93: 1 | G93: =I93-H93 -> 35.461448 | H93: =I93*0.2652 -> 12.798552 | I93: 48.26 | J93: =G93*(1+$C$6) -> 42.674307 | K93: =H93*(1+$C$6) -> 15.401777 | L93: =J93+K93 -> 58.076084 | M93: =TRUNC(J93*F93,2) -> 42.67 | N93: =TRUNC(K93*F93,2) -> 15.4 | O93: =M93+N93 -> 58.07 | P93: SINAPI | Q93: 104345 | R93: 46023
A94: 0.2034 | B94: 0.6929 | C94: 9.14 | D94: LUVA SIMPLES, PVC, SERIE NORMAL, ESGOTO PREDIAL, DN 50 MM, JUNTA ELÁSTICA, FORNECIDO E INSTALADO EM RAMAL DE DESCARGA OU RAMAL DE ESGOTO SANITÁRIO. AF_08/2022 | E94: UN | F94: 2 | G94: =I94-H94 -> 5.680386 | H94: =I94*0.4711 -> 5.059614 | I94: 10.74 | J94: =G94*(1+$C$6) -> 6.8357765 | K94: =H94*(1+$C$6) -> 6.0887395 | L94: =J94+K94 -> 12.924516 | M94: =TRUNC(J94*F94,2) -> 13.67 | N94: =TRUNC(K94*F94,2) -> 12.17 | O94: =M94+N94 -> 25.84 | P94: SINAPI | Q94: 89753 | R94: 46023
A95: 0.2034 | B95: 0.6929 | C95: 9.15 | D95: LUVA SIMPLES, PVC, SERIE NORMAL, ESGOTO PREDIAL, DN 100 MM, JUNTA ELÁSTICA, FORNECIDO E INSTALADO EM RAMAL DE DESCARGA OU RAMAL DE ESGOTO SANITÁRIO. AF_08/2022 | E95: UN | F95: 2 | G95: =I95-H95 -> 13.699892 | H95: =I95*0.3404 -> 7.070108 | I95: 20.77 | J95: =G95*(1+$C$6) -> 16.48645 | K95: =H95*(1+$C$6) -> 8.508168 | L95: =J95+K95 -> 24.994618 | M95: =TRUNC(J95*F95,2) -> 32.97 | N95: =TRUNC(K95*F95,2) -> 17.01 | O95: =M95+N95 -> 49.98 | P95: SINAPI | Q95: 89778 | R95: 46023
L96: SUBTOTAL | M96: =SUM(M81:M95) -> 6491.25 | N96: =SUM(N81:N95) -> 6007.8 | O96: =SUM(O81:O95) -> 12499.05
C97: 10 | D97: INSTALAÇÕES HIDRÁULICAS
A98: 0.2034 | B98: 0.6929 | C98: 10.1 | D98: RASGO LINEAR MANUAL EM ALVENARIA, PARA RAMAIS/ DISTRIBUIÇÃO DE INSTALAÇÕES HIDRÁULICAS, DIÂMETROS MENORES OU IGUAIS A 40 MM. AF_09/2023 | E98: M | F98: 9.65 | G98: =I98-H98 -> 0 | H98: =I98*1 -> 8.59 | I98: 8.59 | J98: =G98*(1+$C$6) -> 0 | K98: =H98*(1+$C$6) -> 10.337206 | L98: =J98+K98 -> 10.337206 | M98: =TRUNC(J98*F98,2) -> 0 | N98: =TRUNC(K98*F98,2) -> 99.75 | O98: =M98+N98 -> 99.75 | P98: SINAPI | Q98: 90443 | R98: 46023
A99: 0.2034 | B99: 0.6929 | C99: 10.2 | D99: KIT CAVALETE PARA MEDIÇÃO DE ÁGUA - ENTRADA PRINCIPAL, EM PVC 25 MM (3/4") - FORNECIMENTO E INSTALAÇÃO (EXCLUSIVE HIDRÔMETRO). AF_03/2024 | E99: UN | F99: 1 | G99: =I99-H99 -> 172.27455 | H99: =I99*0.3229 -> 82.155447 | I99: 254.43 | J99: =G99*(1+$C$6) -> 207.3152 | K99: =H99*(1+$C$6) -> 98.865865 | L99: =J99+K99 -> 306.18106 | M99: =TRUNC(J99*F99,2) -> 207.31 | N99: =TRUNC(K99*F99,2) -> 98.86 | O99: =M99+N99 -> 306.17 | P99: SINAPI | Q99: 95635 | R99: 46023
A100: 0.2034 | B100: 0.6929 | C100: 10.3 | D100: TUBO, PVC, SOLDÁVEL, DE 25MM, INSTALADO EM RAMAL OU SUB-RAMAL DE ÁGUA - FORNECIMENTO E INSTALAÇÃO. AF_06/2022 | E100: M | F100: 70 | G100: =I100-H100 -> 5.539616 | H100: =I100*0.7908 -> 20.940384 | I100: 26.48 | J100: =G100*(1+$C$6) -> 6.6663739 | K100: =H100*(1+$C$6) -> 25.199658 | L100: =J100+K100 -> 31.866032 | M100: =TRUNC(J100*F100,2) -> 466.64 | N100: =TRUNC(K100*F100,2) -> 1763.97 | O100: =M100+N100 -> 2230.61 | P100: SINAPI | Q100: 89356 | R100: 46023
A101: 0.2034 | B101: 0.6929 | C101: 10.4 | D101: TUBO, PVC, SOLDÁVEL, DE 32MM, INSTALADO EM RAMAL OU SUB-RAMAL DE ÁGUA - FORNECIMENTO E INSTALAÇÃO. AF_06/2022 | E101: M | F101: 120 | G101: =I101-H101 -> 11.303712 | H101: =I101*0.6796 -> 23.976288 | I101: 35.28 | J101: =G101*(1+$C$6) -> 13.602887 | K101: =H101*(1+$C$6) -> 28.853065 | L101: =J101+K101 -> 42.455952 | M101: =TRUNC(J101*F101,2) -> 1632.34 | N101: =TRUNC(K101*F101,2) -> 3462.36 | O101: =M101+N101 -> 5094.7 | P101: SINAPI | Q101: 89357 | R101: 46023
A102: 0.2034 | B102: 0.6929 | C102: 10.5 | D102: JOELHO 90 GRAUS, PVC, SOLDÁVEL, DN 25MM, INSTALADO EM RAMAL OU SUB-RAMAL DE ÁGUA - FORNECIMENTO E INSTALAÇÃO. AF_06/2022 | E102: UN | F102: 5 | G102: =I102-H102 -> 2.310084 | H102: =I102*0.7837 -> 8.369916 | I102: 10.68 | J102: =G102*(1+$C$6) -> 2.7799551 | K102: =H102*(1+$C$6) -> 10.072357 | L102: =J102+K102 -> 12.852312 | M102: =TRUNC(J102*F102,2) -> 13.89 | N102: =TRUNC(K102*F102,2) -> 50.36 | O102: =M102+N102 -> 64.25 | P102: SINAPI | Q102: 89362 | R102: 46023
...

Sheet Composições
A3: OBRA: | B3: ='Orçamento Geral'!U2 -> CANIL COMUNITÁRIO
A4: ENDEREÇO: | B4: ='Orçamento Geral'!U3 -> RUA ORFELINO BIZARRO MARTINS - TAQUARI/RS
A5: FONTE: | B5: ='Orçamento Geral'!U4 -> SINAPI - RIO GRANDE DO SUL JANEIRO/2026 NÃO DESONERADO
B6: ='Orçamento Geral'!U5 -> ORSE - JANEIRO/2026
D7: PLANILHA ANALÍTICA DE COMPOSIÇÕES
A9: COMPOSIÇÃO 01 | B9: M | C9: ESTACA ESCAVADA MECANICAMENTE, SEM FLUIDO ESTABILIZANTE, COM 30CM DE DIÂMETRO, CONCRETO LANÇADO POR CAMINHÃO BETONEIRA | E9: MAT | F9: =SUM(H12,H14,H15,H17,H18) -> 64.78 | H9: =SUM(F9:G10) -> 71.13
E10: MO | F10: =SUM(H13,H16) -> 6.35
A11: TIPO | B11: BANCO | C11: CÓDIGO | D11: DESCRIÇÃO | E11: UNID | F11: QTD | G11: PREÇO UNIT | H11: TOTAL
A12: INSUMO | B12: SINAPI | C12: 38405 | D12: CONCRETO USINADO BOMBEAVEL, CLASSE DE RESISTENCIA C25, COM BRITA 0 E 1, SLUMP = 130 +/- 20 MM, EXCLUI SERVICO DE BOMBEAMENTO (NBR 8953) | E12: M3 | F12: 0.077754 | G12: 576.58 | H12: =TRUNC(F12*G12,2) -> 44.83
A13: COMPOSICAO | B13: SINAPI | C13: 88316 | D13: SERVENTE COM ENCARGOS COMPLEMENTARES | E13: H | F13: 0.2263 | G13: 24.83 | H13: =TRUNC(F13*G13,2) -> 5.61
A14: COMPOSICAO | B14: SINAPI | C14: 90680 | D14: PERFURATRIZ HIDRÁULICA SOBRE CAMINHÃO COM TRADO CURTO ACOPLADO, PROFUNDIDADE MÁXIMA DE 20 M, DIÂMETRO MÁXIMO DE 1500 MM, POTÊNCIA INSTALADA DE 137 HP, MESA ROTATIVA COM TORQUE MÁXIMO DE 30 KNM - CHP DIURNO. AF_06/2015 | E14: CHP | F14: 0.0247 | G14: 419.48 | H14: =TRUNC(F14*G14,2) -> 10.36
A15: COMPOSICAO | B15: SINAPI | C15: 90681 | D15: PERFURATRIZ HIDRÁULICA SOBRE CAMINHÃO COM TRADO CURTO ACOPLADO, PROFUNDIDADE MÁXIMA DE 20 M, DIÂMETRO MÁXIMO DE 1500 MM, POTÊNCIA INSTALADA DE 137 HP, MESA ROTATIVA COM TORQUE MÁXIMO DE 30 KNM - CHI DIURNO. AF_06/2015 | E15: CHI | F15: 0.049 | G15: 182.36 | H15: =TRUNC(F15*G15,2) -> 8.93
A16: COMPOSICAO | B16: SINAPI | C16: 90778 | D16: ENGENHEIRO CIVIL DE OBRA PLENO COM ENCARGOS COMPLEMENTARES | E16: H | F16: 0.0051 | G16: 146.28 | H16: =TRUNC(F16*G16,2) -> 0.74
A17: COMPOSICAO | B17: SINAPI | C17: 97913 | D17: TRANSPORTE COM CAMINHÃO BASCULANTE DE 6 M³, EM VIA URBANA EM REVESTIMENTO PRIMÁRIO (UNIDADE: M3XKM). AF_07/2020 | E17: M3XKM | F17: 0.0205 | G17: 3.54 | H17: =TRUNC(F17*G17,2) -> 0.07
A18: COMPOSICAO | B18: SINAPI | C18: 100973 | D18: CARGA, MANOBRA E DESCARGA DE SOLOS E MATERIAIS GRANULARES EM CAMINHÃO BASCULANTE 6 M³ - CARGA COM PÁ CARREGADEIRA (CAÇAMBA DE 1,7 A 2,8 M³ / 128 HP) E DESCARGA LIVRE (UNIDADE: M3). AF_07/2020 | E18: M3 | F18: 0.0614 | G18: 9.72 | H18: =TRUNC(F18*G18,2) -> 0.59
A21: COMPOSIÇÃO 02 | B21: M3 | C21: CONCRETAGEM DE BLOCOS DE VIGAS BALDRAMES, FCK 25 MPA, COM USO DE BOMBA LANÇAMENTO, ADENSAMENTO E ACABAMENTO. AF_06/2017 | E21: MAT | F21: =SUM(H24,H27:H28) -> 691.89 | H21: =SUM(F21:G22) -> 716.23
E22: MO | F22: =SUM(H25:H26) -> 24.34
A23: TIPO | B23: BANCO | C23: CÓDIGO | D23: DESCRIÇÃO | E23: UNID | F23: QTD | G23: PREÇO UNIT | H23: TOTAL
A24: INSUMO | B24: SINAPI | C24: 1527 | D24: CONCRETO USINADO BOMBEAVEL, CLASSE DE RESISTENCIA C25, BRITA 0 E 1, SLUMP = 100 +/- 20 MM, COM BOMBEAMENTO (DISPONIBILIZACAO DE BOMBA), SEM O LANCAMENTO (NBR 8953) | E24: M3 | F24: 1.15 | G24: 601.49 | H24: =TRUNC(F24*G24,2) -> 691.71
A25: COMPOSICAO | B25: SINAPI | C25: 88309 | D25: PEDREIRO COM ENCARGOS COMPLEMENTARES | E25: H | F25: 0.363 | G25: 29.88 | H25: =TRUNC(F25*G25,2) -> 10.84
A26: COMPOSICAO | B26: SINAPI | C26: 88316 | D26: SERVENTE COM ENCARGOS COMPLEMENTARES | E26: H | F26: 0.544 | G26: 24.83 | H26: =TRUNC(F26*G26,2) -> 13.5
A27: COMPOSICAO | B27: SINAPI | C27: 90586 | D27: VIBRADOR DE IMERSÃO, DIÂMETRO DE PONTEIRA 45MM, MOTOR ELÉTRICO TRIFÁSICO POTÊNCIA DE 2 CV - CHP DIURNO. AF_06/2015 | E27: CHP | F27: 0.088 | G27: 1.53 | H27: =TRUNC(F27*G27,2) -> 0.13
A28: COMPOSICAO | B28: SINAPI | C28: 90587 | D28: VIBRADOR DE IMERSÃO, DIÂMETRO DE PONTEIRA 45MM, MOTOR ELÉTRICO TRIFÁSICO POTÊNCIA DE 2 CV - CHI DIURNO. AF_06/2015 | E28: CHI | F28: 0.093 | G28: 0.6 | H28: =TRUNC(F28*G28,2) -> 0.05
A31: COMPOSIÇÃO 03 | B31: M2 | C31: MURO BLOCO GRES - ARGAM. CI-AR 1:6 | E31: MAT | F31: =SUM(H34:H35) -> 149.65 | H31: =SUM(F31:G32) -> 205.44
E32: MO | F32: =SUM(H36:H37) -> 55.79
A33: TIPO | B33: BANCO | C33: CÓDIGO | D33: DESCRIÇÃO | E33: UNID | F33: QTD | G33: PREÇO UNIT | H33: TOTAL
A34: COMPOSIÇÃO | B34: SINAPI | C34: 87372 | D34: ARGAMASSA TRAÇO 1:3 (EM VOLUME DE CIMENTO E AREIA MÉDIA ÚMIDA) PARA CONTRAPISO, PREPARO MANUAL. AF_08/2019 | E34: M3 | F34: 0.0963 | G34: 909.6 | H34: =TRUNC(F34*G34,2) -> 87.59
A35: INSUMO | B35: PESQUISA | D35: PEDRA DE ARENITO BITOLADA 45X22X14 | E35: UN | F35: 10.52 | G35: 5.9 | H35: =TRUNC(F35*G35,2) -> 62.06
A36: COMPOSIÇÃO | B36: SINAPI | C36: 88309 | D36: PEDREIRO COM ENCARGOS COMPLEMENTARES | E36: H | F36: 1.02 | G36: 29.88 | H36: =TRUNC(F36*G36,2) -> 30.47
A37: COMPOSIÇÃO | B37: SINAPI | C37: 88316 | D37: SERVENTE COM ENCARGOS COMPLEMENTARES | E37: H | F37: 1.02 | G37: 24.83 | H37: =TRUNC(F37*G37,2) -> 25.32
A40: COMPOSIÇÃO 04 | B40: UN | C40: LUMINÁRIA TIPO PLAFON QUADRADA, DE SOBREPOR, 17X17CM, COM LED DE 12 W - FORNECIMENTO E INSTALAÇÃO. AF_09/2024 | E40: MAT | F40: =SUM(H45:H45) -> 17.5 | H40: =SUM(F40:G41) -> 37.44 | J40: SINAPI | K40: 103783
E41: MO | F41: =SUM(H43:H44) -> 19.94
A42: TIPO | B42: BANCO | C42: CÓDIGO | D42: DESCRIÇÃO | E42: UNID | F42: QTD | G42: PREÇO UNIT | H42: TOTAL
A43: COMPOSICAO | B43: SINAPI | C43: 88264 | D43: ELETRICISTA COM ENCARGOS COMPLEMENTARES | E43: H | F43: 0.4945918 | G43: 31.99 | H43: =TRUNC(F43*G43,2) -> 15.82
A44: COMPOSICAO | B44: SINAPI | C44: 88247 | D44: AUXILIAR DE ELETRICISTA COM ENCARGOS COMPLEMENTARES | E44: H | F44: 0.1545599 | G44: 26.69 | H44: =TRUNC(F44*G44,2) -> 4.12
A45: INSUMO | B45: SINAPI | C45: 44793 | D45: LUMINARIA PAINEL PLAFON, DE SOBREPOR, SLIM, QUADRADA *17 X 17* CM, EM ALUMINIO ACABAMENTO BRANCO, COM ACRILICO, COM LAMPADAS LED 12 W, BIVOLT | E45: UN | F45: 1 | G45: 17.5 | H45: =TRUNC(F45*G45,2) -> 17.5 | J45: SUSTENTALED
A48: COMPOSIÇÃO 05 | B48: M2 | C48: JANELA DE AÇO TIPO BASCULANTE, COM VIDRO TIPO MINIBOREAL, COMPLETA, COM PINTURA ANTICORROSIVA, FIXAÇÃO COM ARGAMASSA - FORNECIMENTO E INSTALAÇÃO. AF_11/2024 | E48: MAT | F48: =SUM(H51,H54,H55) -> 583.84 | H48: =SUM(F48:G49) -> 799.44
E49: MO | F49: =SUM(H52:H53) -> 215.6
A50: TIPO | B50: BANCO | C50: CÓDIGO | D50: DESCRIÇÃO | E50: UNID | F50: QTD | G50: PREÇO UNIT | H50: TOTAL
A51: COMPOSICAO | B51: SINAPI | C51: 88629 | D51: ARGAMASSA TRAÇO 1:3 (EM VOLUME DE CIMENTO E AREIA MÉDIA ÚMIDA), PREPARO MANUAL. AF_08/2019 | E51: M3 | F51: 0.021 | G51: 744.27 | H51: =TRUNC(F51*G51,2) -> 15.62
A52: COMPOSICAO | B52: SINAPI | C52: 88316 | D52: SERVENTE COM ENCARGOS COMPLEMENTARES | E52: H | F52: 2.548932 | G52: 24.83 | H52: =TRUNC(F52*G52,2) -> 63.28
A53: COMPOSICAO | B53: SINAPI | C53: 88309 | D53: PEDREIRO COM ENCARGOS COMPLEMENTARES | E53: H | F53: 5.097864 | G53: 29.88 | H53: =TRUNC(F53*G53,2) -> 152.32
A54: INSUMO | B54: SINAPI | C54: 11190 | D54: JANELA BASCULANTE, ACO, COM BATENTE/REQUADRO, 60 X 60 CM (SEM VIDROS) | E54: UN | F54: 2.778 | G54: 171.7 | H54: =TRUNC(F54*G54,2) -> 476.98
A55: INSUMO | B55: SINAPI | C55: 10499 | D55: VIDRO MARTELADO OU CANELADO, 4 MM - SEM COLOCACAO | E55: M2 | F55: 1 | G55: 91.24 | H55: =TRUNC(F55*G55,2) -> 91.24
A58: COMPOSIÇÃO 06 | B58: UN | C58: JANELA DE ALUMÍNIO TIPO VENEZIANA FIXA PARA VENTILAÇÃO, UMA FOLHA 60X60CM, COMPLETA, COM PINTURA, FIXAÇÃO COM ARGAMASSA - FORNECIMENTO E INSTALAÇÃO | E58: MAT | F58: =SUM(H61,H64) -> 322.66 | H58: =SUM(F58:G59) -> 355.8 | J58: SINAPI | K58: 94561
E59: MO | F59: =SUM(H62:H63) -> 33.14
A60: TIPO | B60: BANCO | C60: CÓDIGO | D60: DESCRIÇÃO | E60: UNID | F60: QTD | G60: PREÇO UNIT | H60: TOTAL
A61: COMPOSICAO | B61: SINAPI | C61: 88629 | D61: ARGAMASSA TRAÇO 1:3 (EM VOLUME DE CIMENTO E AREIA MÉDIA ÚMIDA), PREPARO MANUAL. AF_08/2019 | E61: M3 | F61: 0.0036 | G61: 744.27 | H61: =TRUNC(F61*G61,2) -> 2.67
A62: COMPOSICAO | B62: SINAPI | C62: 88316 | D62: SERVENTE COM ENCARGOS COMPLEMENTARES | E62: H | F62: 0.39187282 | G62: 24.83 | H62: =TRUNC(F62*G62,2) -> 9.73
A63: COMPOSICAO | B63: SINAPI | C63: 88309 | D63: PEDREIRO COM ENCARGOS COMPLEMENTARES | E63: H | F63: 0.7837456 | G63: 29.88 | H63: =TRUNC(F63*G63,2) -> 23.41
A64: INSUMO | B64: PESQUISA | D64: JANELA FIXA 1 FOLHA EM ALUMÍNIO DE ALTA QUALIDADE DA LINHA 25 PESADA, COM PINTURA | E64: UN | F64: 1 | G64: 319.99 | H64: =TRUNC(F64*G64,2) -> 319.99 | J64: ESQUADRIAS BRASIL
A67: COMPOSIÇÃO 07 | B67: UN | C67: PORTA EM AÇO DE ABRIR TIPO VENEZIANA COMPLETA, 100X210CM, COM PINTURA, FIXAÇÃO COM PARAFUSOS - FORNECIMENTO E INSTALAÇÃO | E67: MAT | F67: =SUM(H72:H74) -> 869.72 | H67: =SUM(F67:G68) -> 921.5 | J67: SINAPI | K67: 94807
E68: MO | F68: =SUM(H70:H71) -> 51.78
A69: TIPO | B69: BANCO | C69: CÓDIGO | D69: DESCRIÇÃO | E69: UNID | F69: QTD | G69: PREÇO UNIT | H69: TOTAL
A70: COMPOSICAO | B70: SINAPI | C70: 88316 | D70: SERVENTE COM ENCARGOS COMPLEMENTARES | E70: H | F70: 0.3966902 | G70: 24.83 | H70: =TRUNC(F70*G70,2) -> 9.84
A71: COMPOSICAO | B71: SINAPI | C71: 88309 | D71: PEDREIRO COM ENCARGOS COMPLEMENTARES | E71: H | F71: 1.4036729 | G71: 29.88 | H71: =TRUNC(F71*G71,2) -> 41.94
A72: INSUMO | B72: PESQUISA | D72: PORTA DE ABRIR EM ACO, TIPO VENEZIANA, 100 X 210 CM, COM FUNDO ANTICORROSIVO / PRIMER DE PROTECAO, INCLUI FECHADURA, MACANETA E PARAFUSOS, SEM GUARNICAO/ALIZAR/VISTA | E72: UN | F72: 1 | G72: 799.9 | H72: =TRUNC(F72*G72,2) -> 799.9 | J72: MERCADO LIVRE
A73: INSUMO | B73: SINAPI | C73: 7568 | D73: BUCHA DE NYLON SEM ABA S10, COM PARAFUSO DE 6,10 X 65 MM EM ACO ZINCADO COM ROSCA SOBERBA, CABECA CHATA E FENDA PHILLIPS | E73: UN | F73: 10 | G73: 1.47 | H73: =TRUNC(F73*G73,2) -> 14.7
A74: INSUMO | B74: SINAPI | C74: 142 | D74: SELANTE ELASTICO MONOCOMPONENTE A BASE DE POLIURETANO (PU) PARA JUNTAS DIVERSAS | E74: 310ML | F74: 1.6446 | G74: 33.52 | H74: =TRUNC(F74*G74,2) -> 55.12
A77: COMPOSIÇÃO 08 | B77: UN | C77: INSTALAÇÃO DE MOURÃO DE CONCRETO RETO, SEÇÃO QUADRADA *10 X 10* CM, H. ÚTIL = 2,00 M | E77: MAT | F77: =SUM(H80,H83) -> 40.28 | H77: =SUM(F77:G78) -> 67 | J77: SINAPI | K77: 106480
E78: MO | F78: =SUM(H81:H82) -> 26.72
A79: TIPO | B79: BANCO | C79: CÓDIGO | D79: DESCRIÇÃO | E79: UNID | F79: QTD | G79: PREÇO UNIT | H79: TOTAL
A80: COMPOSICAO | B80: SINAPI | C80: 94962 | D80: CONCRETO MAGRO PARA LASTRO, TRAÇO 1:4,5:4,5 (EM MASSA SECA DE CIMENTO/ AREIA MÉDIA/ BRITA 1) - PREPARO MECÂNICO COM BETONEIRA 400 L. AF_05/2021 | E80: M3 | F80: 0.0224752 | G80: 432.55 | H80: =TRUNC(F80*G80,2) -> 9.72
A81: COMPOSICAO | B81: SINAPI | C81: 88316 | D81: SERVENTE COM ENCARGOS COMPLEMENTARES | E81: H | F81: 0.3159735 | G81: 24.83 | H81: =TRUNC(F81*G81,2) -> 7.84
A82: COMPOSICAO | B82: SINAPI | C82: 88309 | D82: PEDREIRO COM ENCARGOS COMPLEMENTARES | E82: H | F82: 0.631947 | G82: 29.88 | H82: =TRUNC(F82*G82,2) -> 18.88
A83: INSUMO | B83: ORSE | C83: 04557 | D83: ESTACA PRÉ-MOLDADA DE CONCRETO ARMADO (MOURÃO), PARA CERCA, SEÇÃO 10X10, H(UTIL)=2,00M | E83: UN | F83: 1 | G83: 30.56 | H83: =TRUNC(F83*G83,2) -> 30.56
A87: TAQUARI, 14 DE JULHO DE 2026
A92: ________________________________________________
A94: FLÁVIO DE ANDRADE
A95: ENG. CIVIL E ENG. DE SEGURANÇA - CREA RS 111653

Sheet Cronograma
A2: OBRA: | B2: ='Orçamento Geral'!U2 -> CANIL COMUNITÁRIO
A3: ENDEREÇO: | B3: ='Orçamento Geral'!U3 -> RUA ORFELINO BIZARRO MARTINS - TAQUARI/RS
A4: FONTE: | B4: ='Orçamento Geral'!U4 -> SINAPI - RIO GRANDE DO SUL JANEIRO/2026 NÃO DESONERADO
B5: ='Orçamento Geral'!U5 -> ORSE - JANEIRO/2026
A6: CRONOGRAMA FÍSICO-FINANCEIRO
A8: Item | B8: Descrição | C8: Total | D8: Mês 1 | F8: Mês 2 | H8: Mês 3 | J8: Mês 4 | L8: Mês 5 | N8: Mês 6 | P8: Total
D9: Valor | E9: (%) | F9: Valor | G9: (%) | H9: Valor | I9: (%) | J9: Valor | K9: (%) | L9: Valor | M9: (%) | N9: Valor | O9: (%)
A10: ='Orçamento Geral'!C11 -> 1 | B10: ='Orçamento Geral'!D11 -> INSTALAÇÕES PROVISÓRIAS | C10: ='Orçamento Geral'!O13 -> 2493.3 | D10: =E10*$C$10 -> 2493.3 | E10: 1 | F10: =G10*$C$10 -> 0 | H10: =I10*$C$10 -> 0 | J10: =K10*$C$10 -> 0 | L10: =M10*$C$10 -> 0 | N10: =O10*$C$10 -> 0 | P10: =SUM(D10,F10,H10,J10,L10,N10) -> 2493.3 | Q10: =P10/C10 -> 1
A11: ='Orçamento Geral'!C14 -> 2 | B11: ='Orçamento Geral'!D14 -> FUNDAÇÕES | C11: ='Orçamento Geral'!O22 -> 15949.68 | D11: =E11*$C$11 -> 15949.68 | E11: 1 | F11: =G11*$C$11 -> 0 | H11: =I11*$C$11 -> 0 | J11: =K11*$C$11 -> 0 | L11: =M11*$C$11 -> 0 | N11: =O11*$C$11 -> 0 | P11: =SUM(D11,F11,H11,J11,L11,N11) -> 15949.68 | Q11: =P11/C11 -> 1
A12: ='Orçamento Geral'!C23 -> 3 | B12: ='Orçamento Geral'!D23 -> IMPERMEABILIZAÇÃO | C12: ='Orçamento Geral'!O25 -> 2784.45 | D12: =E12*$C$12 -> 1670.67 | E12: 0.6 | F12: =G12*$C$12 -> 1113.78 | G12: 0.4 | H12: =I12*$C$12 -> 0 | J12: =K12*$C$12 -> 0 | L12: =M12*$C$12 -> 0 | N12: =O12*$C$12 -> 0 | P12: =SUM(D12,F12,H12,J12,L12,N12) -> 2784.45 | Q12: =P12/C12 -> 1
A13: ='Orçamento Geral'!C26 -> 4 | B13: ='Orçamento Geral'!D26 -> SUPRA ESTRUTURA | C13: ='Orçamento Geral'!O32 -> 8475.89 | D13: =E13*$C$13 -> 3390.356 | E13: 0.4 | F13: =G13*$C$13 -> 5085.534 | G13: 0.6 | H13: =I13*$C$13 -> 0 | J13: =K13*$C$13 -> 0 | L13: =M13*$C$13 -> 0 | N13: =O13*$C$13 -> 0 | P13: =SUM(D13,F13,H13,J13,L13,N13) -> 8475.89 | Q13: =P13/C13 -> 1
A14: ='Orçamento Geral'!C33 -> 5 | B14: ='Orçamento Geral'!D33 -> ALVENARIAS | C14: ='Orçamento Geral'!O39 -> 27041.45 | D14: =E14*$C$14 -> 5408.29 | E14: 0.2 | F14: =G14*$C$14 -> 16224.87 | G14: 0.6 | H14: =I14*$C$14 -> 5408.29 | I14: 0.2 | J14: =K14*$C$14 -> 0 | L14: =M14*$C$14 -> 0 | N14: =O14*$C$14 -> 0 | P14: =SUM(D14,F14,H14,J14,L14,N14) -> 27041.45 | Q14: =P14/C14 -> 1
A15: ='Orçamento Geral'!C40 -> 6 | B15: ='Orçamento Geral'!D40 -> COBERTURA | C15: ='Orçamento Geral'!O47 -> 22638.93 | D15: =E15*$C$15 -> 0 | F15: =G15*$C$15 -> 0 | H15: =I15*$C$15 -> 18111.144 | I15: 0.8 | J15: =K15*$C$15 -> 4527.786 | K15: 0.2 | L15: =M15*$C$15 -> 0 | N15: =O15*$C$15 -> 0 | P15: =SUM(D15,F15,H15,J15,L15,N15) -> 22638.93 | Q15: =P15/C15 -> 1
A16: ='Orçamento Geral'!C48 -> 7 | B16: ='Orçamento Geral'!D48 -> INSTALAÇÕES ELÉTRICAS/TELEFONIA/LÓGICA | C16: ='Orçamento Geral'!O70 -> 15699.27 | D16: =E16*$C$16 -> 1569.927 | E16: 0.1 | F16: =G16*$C$16 -> 0 | H16: =I16*$C$16 -> 3139.854 | I16: 0.2 | J16: =K16*$C$16 -> 4709.781 | K16: 0.3 | L16: =M16*$C$16 -> 6279.708 | M16: 0.4 | N16: =O16*$C$16 -> 0 | P16: =SUM(D16,F16,H16,J16,L16,N16) -> 15699.27 | Q16: =P16/C16 -> 1
A17: ='Orçamento Geral'!C71 -> 8 | B17: ='Orçamento Geral'!D71 -> PRÉ-INSTALAÇÃO DE AR CONDICIONADO | C17: ='Orçamento Geral'!O79 -> 678.7 | D17: =E17*$C$17 -> 0 | F17: =G17*$C$17 -> 0 | H17: =I17*$C$17 -> 0 | J17: =K17*$C$17 -> 678.7 | K17: 1 | L17: =M17*$C$17 -> 0 | N17: =O17*$C$17 -> 0 | P17: =SUM(D17,F17,H17,J17,L17,N17) -> 678.7 | Q17: =P17/C17 -> 1
A18: ='Orçamento Geral'!C80 -> 9 | B18: ='Orçamento Geral'!D80 -> INSTALAÇÕES SANITÁRIAS | C18: ='Orçamento Geral'!O96 -> 12499.05 | D18: =E18*$C$18 -> 1249.905 | E18: 0.1 | F18: =G18*$C$18 -> 0 | H18: =I18*$C$18 -> 2499.81 | I18: 0.2 | J18: =K18*$C$18 -> 1249.905 | K18: 0.1 | L18: =M18*$C$18 -> 7499.43 | M18: 0.6 | N18: =O18*$C$18 -> 0 | P18: =SUM(D18,F18,H18,J18,L18,N18) -> 12499.05 | Q18: =P18/C18 -> 1
A19: ='Orçamento Geral'!C97 -> 10 | B19: ='Orçamento Geral'!D97 -> INSTALAÇÕES HIDRÁULICAS | C19: ='Orçamento Geral'!O109 -> 8808.02 | D19: =E19*$C$19 -> 880.802 | E19: 0.1 | F19: =G19*$C$19 -> 0 | H19: =I19*$C$19 -> 1761.604 | I19: 0.2 | J19: =K19*$C$19 -> 2642.406 | K19: 0.3 | L19: =M19*$C$19 -> 3523.208 | M19: 0.4 | N19: =O19*$C$19 -> 0 | P19: =SUM(D19,F19,H19,J19,L19,N19) -> 8808.02 | Q19: =P19/C19 -> 1
A20: ='Orçamento Geral'!C110 -> 11 | B20: ='Orçamento Geral'!D110 -> LOUÇAS, METAIS E EQUIPAMENTOS | C20: ='Orçamento Geral'!O117 -> 2102.69 | D20: =E20*$C$20 -> 0 | F20: =G20*$C$20 -> 0 | H20: =I20*$C$20 -> 0 | J20: =K20*$C$20 -> 0 | L20: =M20*$C$20 -> 2102.69 | M20: 1 | N20: =O20*$C$20 -> 0 | P20: =SUM(D20,F20,H20,J20,L20,N20) -> 2102.69 | Q20: =P20/C20 -> 1
A21: ='Orçamento Geral'!C118 -> 12 | B21: ='Orçamento Geral'!D118 -> PISO | C21: ='Orçamento Geral'!O123 -> 8156.32 | D21: =E21*$C$21 -> 0 | F21: =G21*$C$21 -> 0 | H21: =I21*$C$21 -> 0 | J21: =K21*$C$21 -> 8156.32 | K21: 1 | L21: =M21*$C$21 -> 0 | N21: =O21*$C$21 -> 0 | P21: =SUM(D21,F21,H21,J21,L21,N21) -> 8156.32 | Q21: =P21/C21 -> 1
A22: ='Orçamento Geral'!C124 -> 13 | B22: ='Orçamento Geral'!D124 -> REVESTIMENTO | C22: ='Orçamento Geral'!O127 -> 8145.1 | D22: =E22*$C$22 -> 0 | F22: =G22*$C$22 -> 0 | H22: =I22*$C$22 -> 0 | J22: =K22*$C$22 -> 6516.08 | K22: 0.8 | L22: =M22*$C$22 -> 1629.02 | M22: 0.2 | N22: =O22*$C$22 -> 0 | P22: =SUM(D22,F22,H22,J22,L22,N22) -> 8145.1 | Q22: =P22/C22 -> 1
A23: ='Orçamento Geral'!C128 -> 14 | B23: ='Orçamento Geral'!D128 -> ESQUADRIAS | C23: ='Orçamento Geral'!O136 -> 19478.02 | D23: =E23*$C$23 -> 0 | F23: =G23*$C$23 -> 0 | H23: =I23*$C$23 -> 0 | J23: =K23*$C$23 -> 15582.416 | K23: 0.8 | L23: =M23*$C$23 -> 3895.604 | M23: 0.2 | N23: =O23*$C$23 -> 0 | P23: =SUM(D23,F23,H23,J23,L23,N23) -> 19478.02 | Q23: =P23/C23 -> 1
A24: ='Orçamento Geral'!C137 -> 15 | B24: ='Orçamento Geral'!D137 -> PINTURAS | C24: ='Orçamento Geral'!O139 -> 9381.95 | D24: =E24*$C$24 -> 0 | F24: =G24*$C$24 -> 0 | H24: =I24*$C$24 -> 0 | J24: =K24*$C$24 -> 0 | L24: =M24*$C$24 -> 7505.56 | M24: 0.8 | N24: =O24*$C$24 -> 1876.39 | O24: 0.2 | P24: =SUM(D24,F24,H24,J24,L24,N24) -> 9381.95 | Q24: =P24/C24 -> 1
A25: ='Orçamento Geral'!C140 -> 16 | B25: ='Orçamento Geral'!D140 -> PPCI | C25: ='Orçamento Geral'!O145 -> 655.49 | D25: =E25*$C$25 -> 0 | F25: =G25*$C$25 -> 0 | H25: =I25*$C$25 -> 0 | J25: =K25*$C$25 -> 0 | L25: =M25*$C$25 -> 655.49 | M25: 1 | N25: =O25*$C$25 -> 0 | P25: =SUM(D25,F25,H25,J25,L25,N25) -> 655.49 | Q25: =P25/C25 -> 1
A26: ='Orçamento Geral'!C146 -> 17 | B26: ='Orçamento Geral'!D146 -> CERCAMENTO | C26: ='Orçamento Geral'!O159 -> 99744.53 | D26: =E26*$C$26 -> 9974.453 | E26: 0.1 | F26: =G26*$C$26 -> 14961.68 | G26: 0.15 | H26: =I26*$C$26 -> 14961.68 | I26: 0.15 | J26: =K26*$C$26 -> 14961.68 | K26: 0.15 | L26: =M26*$C$26 -> 14961.68 | M26: 0.15 | N26: =O26*$C$26 -> 29923.359 | O26: 0.3 | P26: =SUM(D26,F26,H26,J26,L26,N26) -> 99744.53 | Q26: =P26/C26 -> 1
A27: TOTAL DO ORÇAMENTO | C27: =SUM(C10:C26) -> 264732.84 | D27: =SUM(D10:D26) -> 42587.383 | F27: =SUM(F10:F26) -> 37385.864 | H27: =SUM(H10:H26) -> 45882.382 | J27: =SUM(J10:J26) -> 59025.073 | L27: =SUM(L10:L26) -> 48052.39 | N27: =SUM(N10:N26) -> 31799.749 | P27: =SUM(P10:P26) -> 264732.84 | Q27: =P27/C27 -> 1
B29: TAQUARI, 14 DE JULHO DE 2026
B32: ________________________________________________
B34: FLÁVIO DE ANDRADE
B35: ENG. CIVIL E ENG. DE SEGURANÇA - CREA RS 111653
D38: =D27+F27+H27+J27 -> 184880.7

Sheet Quadro de Resumo
A2: QUADRO DE RESUMO CASA MODELO 1
A3: Obra: Casas do Incra
A4: Enfereço: Taquari / RS
A5: SINAPI Data Base - Agosto/2025- Sem Desoneração
A6: Área: 41,23 m²
A8: Item | B8: Descrição | C8: Total
A10: 1 | B10: INSTALAÇÕES PROVISÓRIAS | C10: ='Planilha Orçamentária'!O13 -> 4588.279
A11: 2 | B11: FUNDAÇÕES | C11: ='Planilha Orçamentária'!O22 -> 17677.876
A12: 3 | B12: IMPERMEABILIZAÇÃO | C12: ='Planilha Orçamentária'!O26 -> 6270.1311
A13: 4 | B13: SUPRA ESTRUTURA | C13: ='Planilha Orçamentária'!O33 -> 13866.95
A14: 5 | B14: PAREDES E VEDAÇÕES | C14: ='Planilha Orçamentária'!O38 -> 16127.525
A15: 6 | B15: COBERTURA | C15: ='Planilha Orçamentária'!O46 -> 13235.969
A16: 7 | B16: INSTALAÇÕES ELÉTRICA/TELEFONIA/LÓGICA | C16: ='Planilha Orçamentária'!O68 -> 11139.171
A17: 8 | B17: INSTALAÇÕES SANITÁRIAS | C17: ='Planilha Orçamentária'!O85 -> 7605.4486
A18: 9 | B18: INSTALAÇÕES HIDRÁULICAS | C18: ='Planilha Orçamentária'!O98 -> 2625.1901
A19: 10 | B19: LOUÇAS, METAIS E EQUIPAMENTOS | C19: ='Planilha Orçamentária'!O106 -> 2118.6756
A20: 11 | B20: PISO | C20: ='Planilha Orçamentária'!O112 -> 8964.2606
A21: 12 | B21: REVESTIMENTO | C21: ='Planilha Orçamentária'!O118 -> 19255.86
A22: 13 | B22: ESQUADRIAS | C22: ='Planilha Orçamentária'!O129 -> 12008.729
A23: 14 | B23: PINTURAS | C23: ='Planilha Orçamentária'!O134 -> 2265.2344
C24: =SUM(C10:C23) -> 137749.3
B26: Taquari, dezembro de 2025.
B28: _________________________________________
B29: Engenheiro Civil - CREA RS 152282
B30: Sergio Vinicius Noschang

Sheet Composição
A3: Período: 06/2023 (Não Desonerado)
A4: Estado: Rio Grande do Sul
A5: Obra: Centro Especial de Amparo à Criança e ao Adolescente - CEACAT
A6: Planilha Analítica de Composições
D9: MAT | E9: =G12+G14+G15+G17+G18 -> 66.01 | G9: =E9+E10 -> 72.2
D10: MO | E10: =G13+G16 -> 6.19
A11: COMPOSIÇÃO 01 | B11: 8 | C11: ESTACA ESCAVADA MECANICAMENTE, SEM FLUIDO ESTABILIZANTE, COM 30CM DE DIÂMETRO, CONCRETO LANÇADO POR CAMINHÃO BETONEIRA (EXCLUSIVE MOBILIZAÇÃO E DESMOBILIZAÇÃO) | D11: UNID. | E11: COEFICIENTE | F11: R$ UNIT. | G11: R$ TOTAL
A12: I | B12: 38405 | C12: CONCRETO USINADO BOMBEAVEL, CLASSE DE RESISTENCIA C25, COM BRITA 0 E 1, SLUMP = 130 +/- 20 MM, EXCLUI SERVICO DE BOMBEAMENTO (NBR 8953) | D12: M3 | E12: 0.077754 | F12: 568.57 | G12: =ROUND((E12*F12),2) -> 44.21
A13: C | B13: 88316 | C13: SERVENTE COM ENCARGOS COMPLEMENTARES | D13: H | E13: 0.2263 | F13: 24.31 | G13: =ROUND((E13*F13),2) -> 5.5
A14: C | B14: 90680 | C14: PERFURATRIZ HIDRÁULICA SOBRE CAMINHÃO COM TRADO CURTO ACOPLADO, PROFUNDIDADE MÁXIMA DE 20 M, DIÂMETRO MÁXIMO DE 1500 MM, POTÊNCIA INSTALADA DE 137 HP, MESA ROTATIVA COM TORQUE MÁXIMO DE 30 KNM - CHP DIURNO. AF_06/2015 | D14: CHP | E14: 0.0247 | F14: 452.73 | G14: =ROUND((E14*F14),2) -> 11.18
A15: C | B15: 90681 | C15: PERFURATRIZ HIDRÁULICA SOBRE CAMINHÃO COM TRADO CURTO ACOPLADO, PROFUNDIDADE MÁXIMA DE 20 M, DIÂMETRO MÁXIMO DE 1500 MM, POTÊNCIA INSTALADA DE 137 HP, MESA ROTATIVA COM TORQUE MÁXIMO DE 30 KNM - CHI DIURNO. AF_06/2015 | D15: CHI | E15: 0.049 | F15: 203 | G15: =ROUND((E15*F15),2) -> 9.95
A16: C | B16: 90778 | C16: ENGENHEIRO CIVIL DE OBRA PLENO COM ENCARGOS COMPLEMENTARES | D16: H | E16: 0.0051 | F16: 135.8 | G16: =ROUND((E16*F16),2) -> 0.69
A17: C | B17: 97913 | C17: TRANSPORTE COM CAMINHÃO BASCULANTE DE 6 M³, EM VIA URBANA EM REVESTIMENTO PRIMÁRIO (UNIDADE: M3XKM). AF_07/2020 | D17: M3XKM | E17: 0.0205 | F17: 3.44 | G17: =ROUND((E17*F17),2) -> 0.07
A18: C | B18: 100973 | C18: CARGA, MANOBRA E DESCARGA DE SOLOS E MATERIAIS GRANULARES EM CAMINHÃO BASCULANTE 6 M³ - CARGA COM PÁ CARREGADEIRA (CAÇAMBA DE 1,7 A 2,8 M³ / 128 HP) E DESCARGA LIVRE (UNIDADE: M3). AF_07/2020 | D18: M3 | E18: 0.0614 | F18: 9.8 | G18: =ROUND((E18*F18),2) -> 0.6
D20: MAT | E20: =G23+G26+G27 -> 682.27 | G20: =E20+E21 -> 706.16
D21: MO | E21: =G24+G25 -> 23.89
A22: COMPOSIÇÃO 02 | B22: 11 | C22: CONCRETAGEM DE BLOCOS DE VIGAS BALDRAMES, FCK 25 MPA, COM USO DE BOMBA LANÇAMENTO, ADENSAMENTO E ACABAMENTO. AF_06/2017 | D22: UNID. | E22: COEFICIENTE | F22: R$ UNIT. | G22: R$ TOTAL
A23: I | B23: 1527 | C23: CONCRETO USINADO BOMBEAVEL, CLASSE DE RESISTENCIA C25, COM BRITA 0 E 1, SLUMP = 100 +/- 20 MM, INCLUI SERVICO DE BOMBEAMENTO (NBR 8953) | D23: M3 | E23: 1.15 | F23: 593.13 | G23: =ROUND((E23*F23),2) -> 682.1
A24: C | B24: 88309 | C24: PEDREIRO COM ENCARGOS COMPLEMENTARES | D24: H | E24: 0.363 | F24: 29.39 | G24: =ROUND((E24*F24),2) -> 10.67
A25: C | B25: 88316 | C25: SERVENTE COM ENCARGOS COMPLEMENTARES | D25: H | E25: 0.544 | F25: 24.31 | G25: =ROUND((E25*F25),2) -> 13.22
A26: C | B26: 90586 | C26: VIBRADOR DE IMERSÃO, DIÂMETRO DE PONTEIRA 45MM, MOTOR ELÉTRICO TRIFÁSICO POTÊNCIA DE 2 CV - CHP DIURNO. AF_06/2015 | D26: CHP | E26: 0.088 | F26: 1.42 | G26: =ROUND((E26*F26),2) -> 0.12
A27: C | B27: 90587 | C27: VIBRADOR DE IMERSÃO, DIÂMETRO DE PONTEIRA 45MM, MOTOR ELÉTRICO TRIFÁSICO POTÊNCIA DE 2 CV - CHI DIURNO. AF_06/2015 | D27: CHI | E27: 0.093 | F27: 0.55 | G27: =ROUND((E27*F27),2) -> 0.05
D30: MAT | E30: =G33 -> 41.16 | G30: =E30+E31 -> 63.831078
D31: MO | E31: =G34+G35 -> 22.671078
A32: COMPOSIÇÃO 03 | C32: PAINEL LED QUADRADO DE SOBREPOR, 12 W, 17CM X 17CM | D32: UNID. | E32: COEFICIENTE | F32: R$ UNIT. | G32: R$ TOTAL
A33: I | B33: PESQUISA | C33: PAINEL LED QUADRADO DE SOBREPOR 12W, 17CM X17CM | D33: UN | E33: 1 | F33: 41.16 | G33: =F33*E33 -> 41.16
A34: C | B34: 88247 | C34: AUXILIAR DE ELETRICISTA COM ENCARGOS COMPLEMENTARES | D34: H | E34: 0.2231 | F34: 26.13 | G34: =F34*E34 -> 5.829603
A35: C | B35: 88264 | C35: ELETRICISTA COM ENCARGOS COMPLEMENTARES | D35: H | E35: 0.5355 | F35: 31.45 | G35: =F35*E35 -> 16.841475
D37: MAT | E37: =G40+G41 -> 151.25047 | G37: =E37+E38 -> 206.02447
D38: MO | E38: =G42+G43 -> 54.774
A39: COMPOSIÇÃO 04 | C39: MURO BLOCO GRES - ARGAM. ci-ar 1:6 | D39: M2 | E39: COEFICIENTE | F39: R$ UNIT. | G39: R$ TOTAL
A40: COMPOSICAO | B40: 87372 | C40: ARGAMASSA TRAÇO 1:3 (EM VOLUME DE CIMENTO E AREIA MÉDIA ÚMIDA) PARA CONTRA PISO, PREPARO MANUAL. AF_08/2019 | D40: M3 | E40: 0.0963 | F40: 926.09 | G40: =E40*F40 -> 89.182467
A41: COTAÇÃO | B41: PESQUISA | C41: Pedra de arenito bitolada 45x22x14 | D41: UN | E41: 10.52 | F41: 5.9 | G41: =E41*F41 -> 62.068
A42: COMPOSICAO | B42: 88309 | C42: PEDREIRO COM ENCARGOS COMPLEMENTARES | D42: H | E42: 1.02 | F42: 29.39 | G42: =E42*F42 -> 29.9778
A43: COMPOSICAO | B43: 88316 | C43: SERVENTE COM ENCARGOS COMPLEMENTARES | D43: H | E43: 1.02 | F43: 24.31 | G43: =E43*F43 -> 24.7962
A48: Taquari, setembro de 2025.
A52: Sergio Vinicius Noschang
E53: Engenheiro Civil - CREA RS 152282

Sheet Memória de Cálculo
A3: OBRA: | C3: ='[1]Orçamento por Sala'!C2 -> PREFEITURA TAQUARI - SUBSOLO
A4: ENDEREÇO: | C4: ='[1]Orçamento por Sala'!C3 -> RUA OSVALDO ARANHA, 1790 - BAIRRO CENTRO - TAQUARI/RS
A5: FONTE: | C5: ='[1]Orçamento por Sala'!C4 -> SINAPI - RIO GRANDE DO SUL DEZEMBRO/2025 NÃO DESONERADO
C6: ='[1]Orçamento por Sala'!C5 -> ORSE - NOVEMBRO/2025
A7: MEMÓRIA DE CÁLCULO
A9: Item | B9: Descrição | C9: Unidade | D9: Memória de Cálculo | E9: Total
A10: ='Orçamento Geral'!C33 -> 5 | B10: ='Orçamento Geral'!D33 -> ALVENARIAS
A11: ='Orçamento Geral'!C35 -> 5.2 | B11: ='Orçamento Geral'!D35 -> ARMAÇÃO VERTICAL DE ALVENARIA ESTRUTURAL; DIÂMETRO DE 10,0 MM. AF_09/2021 | C11: ='Orçamento Geral'!E35 -> KG | D11: (2,8m*19)+(5m*4) = 73,2m*0,617 = 45,16kg | E11: 45.16
A12: ='Orçamento Geral'!C36 -> 5.3 | B12: ='Orçamento Geral'!D36 -> GRAUTEAMENTO VERTICAL EM ALVENARIA ESTRUTURAL. AF_09/2021 | C12: ='Orçamento Geral'!E36 -> M3 | D12: 73,2m*0,010m³/m = 0,73m³ | E12: 0.73
A13: ='Orçamento Geral'!C146 -> 17 | B13: ='Orçamento Geral'!D146 -> CERCAMENTO
A14: ='Orçamento Geral'!#REF! -> #REF! | B14: ='Orçamento Geral'!#REF! -> #REF! | C14: ='Orçamento Geral'!#REF! -> #REF! | D14: (Considerando 10cm de cada lado e profundidade de 60cm) 0,60m*0,6m*0,6m*37sapatas = 7,99m³ | E14: 7.99
A15: ='Orçamento Geral'!#REF! -> #REF! | B15: ='Orçamento Geral'!#REF! -> #REF! | C15: ='Orçamento Geral'!#REF! -> #REF! | D15: 0,64m²*37sapatas = 23,68m² | E15: 23.68
A16: ='Orçamento Geral'!#REF! -> #REF! | B16: ='Orçamento Geral'!#REF! -> #REF! | C16: ='Orçamento Geral'!#REF! -> #REF! | D16: 1,75kg*37sapatas = 64,75kg | E16: 64.75
A17: ='Orçamento Geral'!#REF! -> #REF! | B17: ='Orçamento Geral'!#REF! -> #REF! | C17: ='Orçamento Geral'!#REF! -> #REF! | D17: 0,4m*0,4m*0,4m*37sapatas = 2,37m³ | E17: 2.37
A18: ='Orçamento Geral'!#REF! -> #REF! | B18: ='Orçamento Geral'!#REF! -> #REF! | C18: ='Orçamento Geral'!#REF! -> #REF! | D18: 0,15m³*37sapatas = 5,55m³ | E18: 5.55
A21: TAQUARI, 02 DE ABRIL DE 2026
A24: ________________________________________________
A25: FLÁVIO DE ANDRADE
A26: ENG. CIVIL E ENG. DE SEGURANÇA - CREA RS 111653
